 Dungeon Crawl Stone Soup version 0.29.0-4-gdea44cf6ec (webtiles) character file.

Game seed: 7578842063238489952

430575 qw the Slayer (level 22, -5/219 (226) HPs)
             Began as a Minotaur Berserker on Sept 5, 2022.
             Was an Elder of Trog.
             Killed by divine providence
             ... invoked by a deep elf high priest
              (17 damage)
             ... on level 5 of the Vaults.
             The game lasted 00:22:29 (51539 turns).

qw the Slayer (Minotaur Berserker)                 Turns: 51539, Time: 00:22:29

HP:   -5/219 (226)  AC: 40    Str: 48    XL:     22   Next: 83%
MP:   0/21          EV: 25    Int:  4    God:    Trog [****..]
Gold: 1774          SH: 25    Dex: 20    Spells: 21/21 levels left

rFire   + . .      SeeInvis .   y - +1 war axe (vamp)
rCold   + . .      Faith    .   w - +1 tower shield {AC+3}
rNeg    + . .      Spirit   +   o - +5 plate armour {rPois}
rPois   +          Reflect  .   (helmet unavailable)
rElec   +          Harm     .   v - +1 cloak "Caaneck" {Str+4}
rCorr   .          Rampage  .   k - +1 pair of gloves "Miyd" {rC+ Str+4}
Will    +++++                   n - +0 pair of boots of Quiet Fog {rElec Str+2 Int-2 Dex+4}
Stlth   ..........              j - amulet of Dirrygof {Spirit rN+ Int+2 Dex+3}
HPRegen 1.46/turn               d - ring of Neerphee {rF+ Str+6 Dex+2}
MPRegen 0.17/turn               B - ring "Opisua" {Will++ EV+4}

@: strong-willed, on berserk cooldown, regenerating, slowed, lightly drained,
very slow
A: horns 3, retaliatory headbutt, claws 1, iridescent scales 2
}: 2/15 runes: decaying, serpentine
a: Renounce Religion, Berserk, Trog's Hand, Brothers in Arms


You were on level 5 of the Vaults.
You worshipped Trog.
Trog was greatly pleased with you.
You visited 7 branches of the dungeon, and saw 39 of its levels.
You visited the Abyss 1 time.
You also visited: Desolation.

You collected 4751 gold pieces.
You spent 2977 gold pieces at shops.


Innate Abilities, Weirdness & Mutations

You have a pair of large horns on your head.
You reflexively headbutt those who attack you in melee.
You have sharp fingernails.
You are mostly covered in iridescent scales. (AC +4)


   Skills:
 - Level 25.0 Fighting
 - Level 19.0 Axes
 - Level 12.0 Throwing
 - Level 23.0 Armour
 - Level 18.0 Dodging
 + Level 22.3 Shields


You had 21 spell levels left.
You didn't know any spells.
Your spell library was empty.

Inventory:

Hand Weapons
 y - a +1 vampiric war axe (weapon)
Missiles
 p - 21 boomerangs
 s - 5 javelins (quivered)
Armour
 e - the +0 pair of boots of Bakeub {rPois rF+ Str+4 Int-5}
   (You acquired it on level 1 of the Lair of Beasts)

   Str:       It affects your strength (+4).
   Int:       It affects your intelligence (-5).
   rF:        It protects you from fire.
   rPois:     It protects you from poison.
 h - a +1 plate armour of fire resistance
 k - the +1 pair of gloves "Miyd" (worn) {rC+ Str+4}
   (You found it on level 1 of the Vaults)

   Str:       It affects your strength (+4).
   rC:        It protects you from cold.
 n - the +0 pair of boots of Quiet Fog (worn) {rElec Str+2 Int-2 Dex+4}
   (You found it on level 1 of the Swamp)

   Str:       It affects your strength (+2).
   Int:       It affects your intelligence (-2).
   Dex:       It affects your dexterity (+4).
   rElec:     It insulates you from electricity.
 o - a +5 plate armour of poison resistance (worn)
 v - the +1 cloak "Caaneck" (worn) {Str+4}
   (You found it on level 2 of the Lair of Beasts)

   Str:       It affects your strength (+4).
 w - a +1 tower shield of protection (worn)
 x - the +5 fire dragon scales of Duty {rF++ rC- Will- Regen+ Str+2}
   (You found it in the Desolation of Salt)

   Str:       It affects your strength (+2).
   rF:        It greatly protects you from fire.
   rC:        It makes you vulnerable to cold.
   Regen:     It increases your rate of health regeneration.
   Will:      It decreases your willpower.
 A - the +2 pair of gloves of the Devil's Advocate {+Inv rPois Int-5 Slay+2}
   (You found it on level 1 of the Depths)

   Int:       It affects your intelligence (-5).
   Slay:      It affects your accuracy & damage with ranged weapons and melee
   (+2).
   rPois:     It protects you from poison.
   +Inv:      It lets you turn invisible.
Jewellery
 c - a ring of fire
 d - the ring of Neerphee (left hand) {rF+ Str+6 Dex+2}
   (You found it in the Desolation of Salt)

   [ring of strength]

   Str:       It affects your strength (+6).
   Dex:       It affects your dexterity (+2).
   rF:        It protects you from fire.
 j - the amulet of Dirrygof (around neck) {Spirit rN+ Int+2 Dex+3}
   (You found it on level 2 of the Swamp)

   [amulet of guardian spirit]

   It causes incoming damage to be divided between your reserves of health and
   magic.
   Int:       It affects your intelligence (+2).
   Dex:       It affects your dexterity (+3).
   rN:        It protects you from negative energy.
 t - an amulet of reflection
 B - the ring "Opisua" (right hand) {Will++ EV+4}
   (You found it on level 2 of the Depths)

   [ring of evasion]

   EV:        It affects your evasion (+4).
   Will:      It greatly increases your willpower.
 Y - the ring "Bapeshri" {rC+ Will+ rCorr Dex+2}
   (You bought it in a shop on level 2 of the Vaults)

   [ring of willpower]

   Dex:       It affects your dexterity (+2).
   rC:        It protects you from cold.
   rCorr:     It protects you from acid and corrosion.
   Will:      It increases your willpower.
Scrolls
 f - 17 scrolls of identify
 z - a scroll of brand weapon
Potions
 a - 4 potions of mutation
 b - 2 potions of cancellation
 g - 15 potions of curing
 i - 2 potions of heal wounds
 l - 5 potions of haste
 m - 5 potions of resistance
 r - 6 potions of might

Dungeon Overview and Level Annotations

Branches:
Dungeon (15/15)            Temple (0/1) D:6            Lair (5/5) D:11
  Swamp (4/4) Lair:2        Snake (4/4) Lair:2        Slime (0/5) Lair:4
    Orc (2/2) D:9             Elf (0/3) Orc:2        Vaults (5/5) D:14
  Crypt (0/3) Vaults:2     Depths (4/4) D:15            Zot (0/5) Depths:4
Desolation (visited)

Altars:
Cheibriados
Dithmenos
Elyvilon
Fedhas
Gozag
Hepliaklqana
Makhleb
Okawaru
Qazlal
Sif Muna
Trog
Vehumet
Wu Jian
Zin
The Shining One

Shops:
D:3 (   D:4 (   D:14 :   D:15 (   Orc:2 [((*   Snake:2 (   Snake:4 *
Vaults:2 =   Vaults:3 [   Vaults:4 (

Portals:
Hell: Depths:1 Depths:2 Depths:3 Depths:4
Abyss: Depths:1 Depths:3
Pandemonium: Depths:1 Depths:2 Depths:4
Ziggurat: Depths:2
Trove: D:14 (give +6 demon blade)

Annotations:
Lair:5 2 transporters, qw's ghost, journeyman TrCA
Swamp:2 2 transporters, qw's ghost, adept TrCA
Snake:1 1 runed translucent door, vinnietd's ghost, adept HaFi
Snake:4 2 transporters, qw's ghost, adept TrCA


Message History

The ettin completely misses you. You block the ettin's attack.
The shadow dragon bites you!
The shadow dragon completely misses you.
The shadow dragon claws you but does no damage.
The vault sentinel blows a loud note on a signal horn!
The vault warden hits you with a +3 war axe!!
The tengu reaver hits you but does no damage.
The tengu reaver completely misses you.
The tengu reaver claws you but does no damage.
You block the balrug's attack. The tarantella completely misses you.
You furiously retaliate!
You headbutt the tarantella.
The orange demon stings you but does no damage.
You hear a deafening roar!
51539 ||| DRINKING 3 potions of heal wounds.
You feel much better.
The runic seals fade away.
The tarantella changes into a dream sheep!
The ice dragon changes into a spark wasp!
The phantasmal warrior closely misses you.
The vault warden activates a sealing rune.
The deep elf demonologist gestures wildly while chanting.
You block the balrug's attack.
The vault sentinel blows a loud note on a signal horn!
You block the ettin's attack.
The ettin hits you with a +0 dire flail!!
The vault warden barely misses you.
The vault sentinel blows a loud note on a signal horn!
The shadow dragon breathes negative energy at you.
The bolt of negative energy hits you! You partially resist.
You feel drained.
The bolt of negative energy hits the balrug.
The balrug completely resists.
The tengu reaver casts a spell at you. The bolt of negative energy hits you!
You partially resist.
You feel drained.
The bolt of negative energy hits the phantasmal warrior.
The phantasmal warrior completely resists.
The orange demon misses you.
You block the phantasmal warrior's attack.
The deep elf high priest calls down the wrath of its god upon you.
Something smites you!
You die...

#....# . # #....#
..#. #....# ##..#
#....# ......#....#
.##.pp#eW..##+.
....pDDpWy...#
####pe@Yp...######
....1.QC2W.........
.....43e<<[........
.......<[.<.)......
........<<[........
#####..[.....######
#............#
#....#....#...#
#....#....##....


You could see 2 shadow dragons, an Ice Fiend (summoned), 2 vault wardens, a
tengu reaver (empowered), a balrug (summoned), an ettin (strong), a spark wasp
shaped shifter, a deep elf demonologist (empowered), an orange demon (summoned),
4 vault sentinels, 2 deep elf high priests, 2 phantasmal warriors, a freezing
wraith, a sixfirhy (summoned) and a dream sheep shaped shifter.

Vanquished Creatures
  An ancient lich (Vaults:5)
  2 juggernauts
  Vashnia (Snake:4)
  Saint Roka (Depths:1)
  2 golden dragons
  7 tentacled monstrosities
  2 liches
  2 walking crystal tomes
  A walking earthen tome (Depths:4)
  Mlioglotl (Swamp:1)
  6 titans
  A quicksilver dragon (Depths:4)
  4 sphinxes
  2 thorn hunters
  Kirke (Swamp:4)
  3 storm dragons
  Donald (Snake:4)
  2 azure jellies (Swamp:4)
  A fenstrider witch (Swamp:3)
  Roxanne (Swamp:4)
  2 shadow dragons
  5 nagarajas
  10 frost giants
  12 vault wardens
  6 fire giants
  2 imperial myrmidons (Desolation)
  A balrug (Depths:1)
  3 orc warlords
  18 ironbound preservers
  A draconian stormcaller (Depths:4)
  A reaper (Depths:1)
  2 spriggan defenders (Depths:2)
  4 war gargoyles
  13 very ugly things
  3 vampire knights
  2 green draconians (Depths:4)
  2 ironbound thunderhulks (Vaults:2)
  4 eleionomae
  2 black draconians (Depths:4)
  2 yellow draconians (Depths:4)
  A deep elf demonologist (Vaults:4)
  22 stone giants
  A white draconian (Depths:4)
  2 purple draconians (Depths:4)
  A red draconian (Depths:4)
  3 spark wasps
  2 bunyips
  16 dire elephants
  8 ettins
  A deep elf death mage (Vaults:5)
  9 fire dragons
  2 crystal guardians
  3 ragged hierophants (Desolation)
  38 vault guards
  Josephine (D:11)
  2 deep elf high priests (Vaults:5)
  A shambling mangrove (Swamp:4)
  5 yaktaur captains
  3 great orbs of eyes
  6 ice dragons
  7 peacekeepers
  3 rakshasas
  2 boulder beetles
  9 hydras
  6 servants of whispers (Desolation)
  A hell beast (Depths:1)
  10 anacondas
  4 spriggan air magi
  2 ghost crabs
  3 ironbound frosthearts
  11 centaur warriors
  2 ogre magi
  11 naga warriors
  7 deep troll shamans
  8 two-headed ogres
  2 death yaks (Lair:5)
  5 tengu warriors
  3 death knights
  3 hell hogs (Depths:3)
  11 alligators
  11 spriggan berserkers
  5 deep troll earth magi
  Urug (D:10)
  A sun demon (Depths:4)
  11 naga sharpshooters
  2 orc high priests (Orc:2)
  18 hell knights
  Amaemon (Lair:2)
  7 shock serpents
  A titan skeleton (Vaults:4)
  5 skeletal warriors (D:15)
  6 iron trolls
  A quicksilver dragon simulacrum (Depths:1)
  9 salamander mystics
  3 goliath frogs
  A sea snake (shapeshifter) (Depths:4)
  2 glowing orange brains
  2 death drakes
  A golden dragon zombie (Vaults:4)
  57 deep trolls
  A flayed ghost (Depths:2)
  2 swamp dragons (Swamp:3)
  2 bog bodies
  2 starcursed masses (Abyss:2)
  9 naga ritualists
  An obsidian statue (Vaults:2)
  16 ironbound convokers
  A wolf spider zombie (D:15)
  A phantasmal warrior (Vaults:5)
  A harpy (shapeshifter) (Depths:1)
  Pikel (D:6)
  9 necromancers
  2 deep elf zephyrmancers (D:15)
  5 harpies (Vaults:1)
  12 lindwurms
  5 wizards
  2 orc sorcerers
  2 deep elf pyromancers
  22 mana vipers
  8 orc knights (Vaults:4)
  47 ugly things
  2 manticores
  3 will-o-the-wisps
  A fire giant zombie (Vaults:1)
  11 salamanders
  5 cyclopes
  A mana viper (shapeshifter) (Vaults:5)
  13 vault sentinels
  A stone giant skeleton (Vaults:4)
  A faun (shapeshifter) (Depths:2)
  13 elephants
  A centaur zombie (D:15)
  51 black mambas
  Maggie (D:10)
  10 guardian serpents
  3 unseen horrors
  An orange demon (Lair:2)
  9 cane toads
  5 molten gargoyles (Desolation)
  13 naga magi
  4 gargoyles
  A centaur skeleton (Abyss:2)
  Psyche (D:9)
  An efreet (D:15)
  2 rime drakes
  4 komodo dragons
  4 kobold demonologists
  2 tengu conjurers
  7 freezing wraiths
  23 yaktaurs
  A troll (shapeshifter) (D:15)
  An ancient zyme (Abyss:2)
  6 polar bears
  8 tyrant leeches
  6 trolls
  40 saltlings (Desolation)
  12 blink frogs
  14 slime creatures
  A dream sheep (shapeshifter) (D:12)
  20 hornets
  6 dream sheep (Lair:5)
  A centaur simulacrum (D:14)
  A shapeshifter (Lair:5)
  2 vampires
  25 spriggans
  A small abomination (Abyss:2)
  3 wyverns
  A water elemental (Depths:2)
  A shadow (D:13)
  46 yaks
  5 wraiths
  A ynoxinul (Abyss:2)
  5 hogs (Swamp:4)
  5 basilisks
  A chaos spawn (Depths:4)
  5 vampire mosquitoes (D:13)
  An elf skeleton (Vaults:4)
  A steam dragon (D:8)
  2 swamp worm simulacra (Swamp:4)
  6 wargs
  A redback simulacrum (D:15)
  11 swamp worms
  29 nagas
  11 water moccasins
  3 acid dragons
  2 floating eyes (Depths:1)
  14 hydra simulacra (Swamp:4)
  34 orc warriors
  A swamp drake (Swamp:1)
  3 sky beasts
  3 black bears
  2 ettin simulacra (Depths:3)
  A human zombie (Vaults:1)
  10 ogres
  9 boggarts
  20 wolves
  8 centaurs
  2 lemures (D:6)
  4 phantoms
  9 bullfrogs
  3 kobold brigands
  2 gnoll sergeants
  2 scorpions (D:5)
  2 water moccasin zombies (D:4)
  2 necrophages
  9 killer bees
  A human simulacrum (Vaults:1)
  A troll skeleton (D:11)
  A jelly (D:5)
  5 spriggan skeletons (D:11)
  An electric eel (D:8)
  3 howler monkeys (D:8)
  A bullfrog zombie (D:4)
  37 orc priests
  5 hounds
  4 gnoll boudas
  3 iguanas
  Terence (D:3)
  34 orc wizards
  A boggart skeleton (D:15)
  A hound zombie (D:4)
  2 boggart simulacra
  A hound skeleton (D:4)
  A howler monkey zombie (D:4)
  25 gnolls
  9 adders
  A shadow imp (D:8)
  A white imp (D:8)
  An ufetubus (D:5)
  6 swamp drake simulacra (Swamp:4)
  5 adder zombies (D:4)
  An adder skeleton (D:4)
  A worm (D:2)
  5 dart slugs
  98 orcs
  8 ball pythons
  6 bats
  8 endoplasms
  8 giant cockroaches
  6 goblins
  7 hobgoblins
  3 jackals
  5 quokkas
  4 frilled lizards
  9 kobolds
  5 rats
  2 briar patches (Swamp:2)
1616 creatures vanquished.

Vanquished Creatures (collateral kills)
  A dread lich (Vaults:4)
  Mara (Depths:1)
  2 golden dragons
  A walking crystal tome (Depths:1)
  Aizul (Snake:1)
  A vault warden (Vaults:5)
  Snorg (Lair:3)
  Fannar (Lair:3)
  2 hydras (Lair:5)
  A boulder beetle (D:15)
  2 salamander tyrants
  An anaconda (Snake:1)
  A naga warrior (Snake:3)
  A death yak (Lair:5)
  5 naga sharpshooters
  2 orc high priests (Orc:2)
  An ironbound convoker (Vaults:5)
  2 harpies (Vaults:1)
  3 salamanders
  3 elephants (Lair:3)
  3 black mambas
  2 naga magi (Snake:1)
  A polar bear (Lair:5)
  A hornet (Swamp:1)
  A dream sheep (Lair:5)
  A blink frog (Lair:5)
  A spriggan (Swamp:1)
  A wyvern (Lair:2)
  3 yaks (Lair:5)
  7 nagas
  A water moccasin (Lair:3)
  A boggart (Vaults:2)
  A wolf (Lair:5)
  An orc wizard (Orc:2)
  An orc (Orc:2)
59 creatures vanquished.

Vanquished Creatures (others)
  A fire giant (Depths:3)
  An alligator (Swamp:4)
  A deep elf zephyrmancer (Depths:3)
  2 bloated husks
  3 swamp worms (Swamp:4)
  An ettin simulacrum (Depths:3)
  A wolf zombie (Lair:5)
  18 foxfires
  44 fungi
  10 pillars of salt (Vaults:4)
  47 plants
  2 withered plants (D:4)
131 creatures vanquished.

Grand Total: 1806 creatures vanquished

Notes
Turn   | Place    | Note
-------+----------+-------------------------------------------
     0 | D:1      | qw the Minotaur Berserker began the quest for the Orb.
     0 | D:1      | Reached XP level 1. HP: 19/19 MP: 0/0
     0 | D:1      | 0 ||| qw: Version: 0.1-a-104-g96f76f8
     0 | D:1      | 0 ||| qw: Game counter: 5853
     0 | D:1      | 0 ||| qw: Always use a shield: true
     0 | D:1      | 0 ||| qw: Do Orc after D:15 true
     0 | D:1      | 0 ||| qw: Do second Lair branch before Depths: true
     0 | D:1      | 0 ||| qw: Lair rune preference: random
     0 | D:1      | 0 ||| qw: Plans: Normal
     0 | D:1      | 0 ||| PLANNING D:1-11
   256 | D:1      | 256 ||| INVOKING Berserk.
   473 | D:1      | Reached XP level 2. HP: 26/26 MP: 1/1
   523 | D:1      | Found a faded altar of an unknown god.
   727 | D:1      | 727 ||| Stepping ~*~*~tactically~*~*~ (stealth).
   733 | D:1      | 733 ||| Stepping ~*~*~tactically~*~*~ (hiding).
   747 | D:1      | 747 ||| Stepping ~*~*~tactically~*~*~ (stealth).
   751 | D:1      | 751 ||| Stepping ~*~*~tactically~*~*~ (stealth).
   753 | D:1      | 753 ||| Stepping ~*~*~tactically~*~*~ (stealth).
   764 | D:1      | 764 ||| Stepping ~*~*~tactically~*~*~ (stealth).
   767 | D:1      | 767 ||| Stepping ~*~*~tactically~*~*~ (stealth).
   768 | D:1      | 768 ||| Stepping ~*~*~tactically~*~*~ (stealth).
   869 | D:1      | Reached XP level 3. HP: 31/31 MP: 2/2
   885 | D:1      | Reached ** piety under Trog
  1278 | D:1      | 1278 ||| UPGRADING to +0 leather armour.
  1288 | D:1      | 1288 ||| DROPPING +0 animal skin.
  1289 | D:1      | 1289 ||| READING scroll labelled SUZAOC WERAI.
  1290 | D:1      | 1290 ||| READING 2 scrolls labelled EDGHIA NAULA.
  1366 | D:2      | 1366 ||| INVOKING Berserk.
  1841 | D:2      | 1841 ||| Stepping ~*~*~tactically~*~*~ (stealth).
  1846 | D:2      | 1846 ||| Stepping ~*~*~tactically~*~*~ (stealth).
  1867 | D:2      | 1867 ||| DROPPING +0 mace.
  1899 | D:2      | Reached XP level 4. HP: 39/39 MP: 3/3
  1950 | D:2      | Reached skill level 6 in Axes
  2011 | D:2      | 2011 ||| UPGRADING to +0 ring mail.
  2021 | D:2      | 2021 ||| DROPPING +0 leather armour.
  2022 | D:2      | 2022 ||| READING 2 scrolls labelled HOCWAXUUPH.
  2023 | D:2      | 2023 ||| READING scroll of enchant weapon.
  2023 | D:2      | 2023 ||| ENCHANTING +1 hand axe.
  2024 | D:2      | 2024 ||| READING scroll labelled KYIGEE BAGIO.
  2025 | D:2      | 2025 ||| DRINKING 2 red potions.
  2036 | D:3      | 2036 ||| PLANNING SEWER
  2079 | D:3      | Found a snail-covered altar of Cheibriados.
  2080 | D:3      | Found a hazy altar of Hepliaklqana.
  2083 | D:3      | Found an opulent altar of Gozag.
  2087 | D:3      | Noticed Terence
  2093 | D:3      | 2093 ||| INVOKING Berserk.
  2095 | D:3      | Killed Terence
  2262 | D:3      | 2262 ||| Stepping ~*~*~tactically~*~*~ (stealth).
  2264 | D:3      | 2264 ||| INVOKING Berserk.
  2269 | D:3      | Reached XP level 5. HP: 39/45 MP: 4/4
  2272 | D:3      | Reached skill level 4 in Fighting
  2423 | D:3      | 2423 ||| DROPPING +2 mace of protection.
  2459 | D:3      | Found Paihofam's Antique Weapon Shop.
  2472 | D:3      | 2472 ||| SHOPLISTING runed broad axe (203 gold, have 142).
  2472 | D:3      | 2472 ||| BUYING war axe (101 gold).
  2472 | D:3      | Bought a war axe for 101 gold pieces
  2472 | D:3      | 2472 ||| SWAPPING to +0 war axe.
  2473 | D:3      | 2473 ||| DROPPING +2 hand axe.
  2482 | D:3      | 2482 ||| INVOKING Berserk.
  2647 | D:3      | Found a glowing drain.
  2648 | D:3      | 2648 ||| UPGRADING to +0 chain mail.
  2658 | D:3      | 2658 ||| DROPPING +0 ring mail.
  2659 | D:3      | 2659 ||| READING scroll labelled SAHICW OCHIULUPO.
  2660 | D:3      | 2660 ||| DRINKING 2 amethyst potions.
  2893 | D:3      | 2893 ||| RIP SEWER
  2893 | D:3      | 2893 ||| PLANNING D:1-11
  2909 | D:3      | 2909 ||| Stepping ~*~*~tactically~*~*~ (stealth).
  2910 | D:3      | 2910 ||| Stepping ~*~*~tactically~*~*~ (stealth).
  3045 | D:3      | 3045 ||| UPGRADING to +4 ring of slaying {mikee}.
  3062 | D:4      | Reached XP level 6. HP: 51/52 MP: 5/5
  3089 | D:4      | 3089 ||| Stepping ~*~*~tactically~*~*~ (stealth).
  3091 | D:4      | 3091 ||| FLEEEEING.
  3092 | D:4      | 3092 ||| FLEEEEING.
  3093 | D:4      | 3093 ||| FLEEEEING.
  3094 | D:4      | 3094 ||| FLEEEEING.
  3095 | D:4      | 3095 ||| FLEEEEING.
  3097 | D:4      | 3097 ||| STAIRDANCE
  3305 | D:4      | 3305 ||| Stepping ~*~*~tactically~*~*~ (stealth).
  3307 | D:4      | 3307 ||| Stepping ~*~*~tactically~*~*~ (stealth).
  3322 | D:4      | Reached skill level 9 in Axes
  3325 | D:4      | 3325 ||| FLEEEEING.
  3367 | D:4      | 3367 ||| Stepping ~*~*~tactically~*~*~ (stealth).
  3368 | D:4      | 3368 ||| Stepping ~*~*~tactically~*~*~ (stealth).
  3369 | D:4      | Reached *** piety under Trog
  3388 | D:4      | 3388 ||| READING scroll of enchant weapon.
  3388 | D:4      | 3388 ||| ENCHANTING +0 war axe.
  3416 | D:4      | Found Tusyoxt's Antique Weapon Shop.
  3430 | D:4      | 3430 ||| Stepping ~*~*~tactically~*~*~ (stealth).
  3437 | D:4      | Found a stormy altar of Qazlal.
  3437 | D:4      | Found a burning altar of Makhleb.
  3443 | D:4      | Reached XP level 7. HP: 49/60 MP: 6/6
  3447 | D:4      | Reached skill level 5 in Fighting
  3530 | D:4      | Found a bloodstained altar of Trog.
  3532 | D:4      | Found a glowing silver altar of Zin.
  3559 | D:4      | Reached skill level 3 in Armour
  3637 | D:4      | Found a blossoming altar of Fedhas.
  3760 | D:4      | Found a white marble altar of Elyvilon.
  3826 | D:4      | Found a glowing golden altar of the Shining One.
  3870 | D:4      | 3870 ||| READING scroll labelled PEOSTR TOJAM.
  3892 | D:5      | Entered Level 5 of the Dungeon
  3896 | D:5      | Found an ornate altar of the Wu Jian Council.
  3920 | D:5      | 3920 ||| Stepping ~*~*~tactically~*~*~ (stealth).
  3973 | D:5      | 3973 ||| Stepping ~*~*~tactically~*~*~ (stealth).
  3974 | D:5      | 3974 ||| Stepping ~*~*~tactically~*~*~ (stealth).
  4055 | D:5      | 4055 ||| INVOKING Berserk.
  4194 | D:5      | Reached skill level 6 in Fighting
  4241 | D:5      | Reached XP level 8. HP: 70/70 MP: 7/7
  4254 | D:5      | 4254 ||| INVOKING Berserk.
  4336 | D:5      | 4336 ||| Stepping ~*~*~tactically~*~*~ (stealth).
  4337 | D:5      | 4337 ||| INVOKING Berserk.
  4468 | D:5      | 4468 ||| Stepping ~*~*~tactically~*~*~ (stealth).
  4656 | D:5      | Reached skill level 1 in Throwing
  4892 | D:5      | Reached **** piety under Trog
  4978 | D:5      | 4978 ||| UPGRADING to ring of willpower.
  4979 | D:5      | 4979 ||| DRINKING 2 glowing black potions.
  4980 | D:5      | 4980 ||| DRINKING 2 brown potions.
  5085 | D:5      | 5085 ||| DRINKING 3 pink potions.
  5112 | D:5      | 5112 ||| DROPPING potion of berserk rage.
  5113 | D:5      | 5113 ||| DROPPING 2 potions of lignification.
  5156 | D:6      | 5156 ||| PLANNING OSSUARY
  5263 | D:6      | Noticed Pikel
  5266 | D:6      | 5266 ||| INVOKING Berserk.
  5275 | D:6      | Killed Pikel
  5276 | D:6      | Reached XP level 9. HP: 75/75 MP: 8/8
  5482 | D:6      | 5482 ||| Stepping ~*~*~tactically~*~*~ (hiding).
  5486 | D:6      | 5486 ||| INVOKING Berserk.
  5752 | D:6      | 5752 ||| RIP OSSUARY
  5764 | D:6      | 5764 ||| PLANNING D:1-11
  5818 | D:6      | Found a staircase to the Ecumenical Temple.
  6172 | D:6      | 6172 ||| UPGRADING to +0 plate armour.
  6182 | D:6      | 6182 ||| DROPPING +0 chain mail.
  6183 | D:6      | 6183 ||| READING scroll labelled SATUVE CIYL.
  6184 | D:6      | 6184 ||| DRINKING 2 smoky pink potions.
  6281 | D:7      | 6281 ||| Stepping ~*~*~tactically~*~*~ (hiding).
  6284 | D:7      | 6284 ||| INVOKING Berserk.
  6325 | D:7      | 6325 ||| FLEEEEING.
  6331 | D:7      | 6331 ||| STAIRDANCE
  6443 | D:7      | 6443 ||| Stepping ~*~*~tactically~*~*~ (hiding).
  6452 | D:7      | Reached skill level 7 in Fighting
  6506 | D:7      | 6506 ||| Stepping ~*~*~tactically~*~*~ (stealth).
  6538 | D:7      | 6538 ||| READING scroll of enchant weapon.
  6538 | D:7      | 6538 ||| ENCHANTING +1 war axe.
  6549 | D:7      | Reached skill level 8 in Fighting
  6607 | D:7      | Reached skill level 6 in Armour
  6741 | D:7      | 6741 ||| Stepping ~*~*~tactically~*~*~ (stealth).
  6749 | D:7      | 6749 ||| Stepping ~*~*~tactically~*~*~ (stealth).
  6750 | D:7      | 6750 ||| Stepping ~*~*~tactically~*~*~ (stealth).
  6751 | D:7      | 6751 ||| Stepping ~*~*~tactically~*~*~ (stealth).
  6857 | D:7      | 6857 ||| Stepping ~*~*~tactically~*~*~ (stealth).
  6957 | D:7      | 6957 ||| Stepping ~*~*~tactically~*~*~ (stealth).
  7162 | D:7      | 7162 ||| DROPPING orb of mayhem.
  7163 | D:7      | 7163 ||| READING scroll labelled ICEMAJ USYKHLUB.
  7223 | D:8      | 7223 ||| Stepping ~*~*~tactically~*~*~ (hiding).
  7348 | D:8      | 7348 ||| Stepping ~*~*~tactically~*~*~ (hiding).
  7351 | D:8      | 7351 ||| Stepping ~*~*~tactically~*~*~ (hiding).
  7352 | D:8      | 7352 ||| Stepping ~*~*~tactically~*~*~ (hiding).
  7353 | D:8      | 7353 ||| Stepping ~*~*~tactically~*~*~ (hiding).
  7354 | D:8      | 7354 ||| Stepping ~*~*~tactically~*~*~ (hiding).
  7465 | D:8      | 7465 ||| READING scroll of enchant weapon.
  7465 | D:8      | 7465 ||| ENCHANTING +2 war axe.
  7574 | D:8      | 7574 ||| Stepping ~*~*~tactically~*~*~ (hiding).
  7577 | D:8      | 7577 ||| Stepping ~*~*~tactically~*~*~ (hiding).
  7713 | D:8      | 7713 ||| Stepping ~*~*~tactically~*~*~ (stealth).
  7715 | D:8      | 7715 ||| Stepping ~*~*~tactically~*~*~ (hiding).
  7725 | D:8      | 7725 ||| Stepping ~*~*~tactically~*~*~ (hiding).
  7773 | D:8      | 7773 ||| INVOKING Berserk.
  7775 | D:8      | Reached XP level 10. HP: 88/88 MP: 9/9
  7898 | D:8      | 7898 ||| Stepping ~*~*~tactically~*~*~ (hiding).
  7968 | D:8      | Reached skill level 15 in Axes
  7968 | D:8      | 7968 ||| FLEEEEING.
  7969 | D:8      | 7969 ||| FLEEEEING.
  7973 | D:8      | 7973 ||| FLEEEEING.
  7974 | D:8      | 7974 ||| FLEEEEING.
  8135 | D:8      | 8135 ||| Stepping ~*~*~tactically~*~*~ (stealth).
  8138 | D:8      | 8138 ||| Stepping ~*~*~tactically~*~*~ (stealth).
  8139 | D:8      | 8139 ||| Stepping ~*~*~tactically~*~*~ (stealth).
  8154 | D:8      | 8154 ||| Stepping ~*~*~tactically~*~*~ (stealth).
  8156 | D:8      | 8156 ||| Stepping ~*~*~tactically~*~*~ (stealth).
  8157 | D:8      | 8157 ||| Stepping ~*~*~tactically~*~*~ (stealth).
  8158 | D:8      | 8158 ||| Stepping ~*~*~tactically~*~*~ (stealth).
  8275 | D:8      | 8275 ||| Stepping ~*~*~tactically~*~*~ (hiding).
  8281 | D:8      | 8281 ||| INVOKING Berserk.
  8361 | D:8      | Reached ***** piety under Trog
  8555 | D:8      | Found a radiant altar of Vehumet.
  8562 | D:8      | Found a shimmering blue altar of Sif Muna.
  8593 | D:8      | 8593 ||| FLEEEEING.
  8594 | D:8      | 8594 ||| FLEEEEING.
  8595 | D:8      | 8595 ||| FLEEEEING.
  8596 | D:8      | 8596 ||| FLEEEEING.
  8597 | D:8      | 8597 ||| FLEEEEING.
  8598 | D:8      | 8598 ||| FLEEEEING.
  8603 | D:8      | 8603 ||| FLEEEEING.
  8753 | D:8      | 8753 ||| FLEEEEING.
  8754 | D:8      | 8754 ||| FLEEEEING.
  8826 | D:8      | 8826 ||| INVOKING Berserk.
  8829 | D:8      | Reached skill level 9 in Fighting
  9013 | D:8      | 9013 ||| UPGRADING to +0 buckler.
  9018 | D:8      | 9018 ||| READING scroll labelled QUIFEXZ FOMPIY.
  9019 | D:8      | 9019 ||| DRINKING 2 sedimented brown potions.
  9019 | D:8      | Gained mutation: You have sharp fingernails. [potion of
                  | mutation]
  9019 | D:8      | Gained mutation: You are partially covered in iridescent
                  | scales. (AC +2) [potion of mutation]
  9019 | D:8      | Gained mutation: You have a pair of large horns on your
                  | head. [potion of mutation]
  9019 | D:8      | Gained mutation: You are mostly covered in iridescent
                  | scales. (AC +4) [potion of mutation]
  9020 | D:8      | 9020 ||| DRINKING 2 viscous blue potions.
  9044 | D:9      | 9044 ||| INVOKING Berserk.
  9046 | D:9      | Reached skill level 1 in Shields
  9180 | D:9      | Found a shadowy altar of Dithmenos.
  9276 | D:9      | 9276 ||| Stepping ~*~*~tactically~*~*~ (stealth).
  9277 | D:9      | 9277 ||| Stepping ~*~*~tactically~*~*~ (stealth).
  9282 | D:9      | Reached skill level 3 in Shields
  9291 | D:9      | 9291 ||| FLEEEEING.
  9292 | D:9      | 9292 ||| FLEEEEING.
  9293 | D:9      | 9293 ||| FLEEEEING.
  9294 | D:9      | 9294 ||| FLEEEEING.
  9295 | D:9      | 9295 ||| FLEEEEING.
  9297 | D:9      | 9297 ||| FLEEEEING.
  9299 | D:9      | 9299 ||| FLEEEEING.
  9300 | D:9      | 9300 ||| FLEEEEING.
  9301 | D:9      | 9301 ||| FLEEEEING.
  9303 | D:9      | 9303 ||| FLEEEEING.
  9304 | D:9      | 9304 ||| FLEEEEING.
  9309 | D:9      | 9309 ||| FLEEEEING.
  9310 | D:9      | 9310 ||| FLEEEEING.
  9311 | D:9      | 9311 ||| FLEEEEING.
  9312 | D:9      | 9312 ||| FLEEEEING.
  9314 | D:9      | 9314 ||| FLEEEEING.
  9315 | D:9      | 9315 ||| FLEEEEING.
  9316 | D:9      | 9316 ||| FLEEEEING.
  9317 | D:9      | 9317 ||| FLEEEEING.
  9318 | D:9      | 9318 ||| FLEEEEING.
  9319 | D:9      | 9319 ||| FLEEEEING.
  9321 | D:9      | 9321 ||| FLEEEEING.
  9325 | D:9      | 9325 ||| FLEEEEING.
  9326 | D:9      | 9326 ||| FLEEEEING.
  9327 | D:9      | 9327 ||| FLEEEEING.
  9410 | D:9      | Identified the +6 quarterstaff of Conservatism {freeze, rN+
                  | Str+4}
  9447 | D:9      | Noticed Psyche
  9456 | Abyss:2  | Cast into level 2 of the Abyss (Psyche)
  9508 | Abyss:2  | Noticed a starcursed mass
  9509 | Abyss:2  | 9509 ||| Stepping ~*~*~tactically~*~*~ (stealth).
  9526 | Abyss:2  | Killed a starcursed mass
  9529 | Abyss:2  | Killed a starcursed mass
  9538 | Abyss:2  | 9538 ||| INVOKING Trog's Hand.
  9539 | Abyss:2  | 9539 ||| Stepping ~*~*~tactically~*~*~ (stealth).
  9540 | Abyss:2  | 9540 ||| Stepping ~*~*~tactically~*~*~ (stealth).
  9541 | Abyss:2  | 9541 ||| Stepping ~*~*~tactically~*~*~ (stealth).
  9542 | Abyss:2  | 9542 ||| Stepping ~*~*~tactically~*~*~ (stealth).
  9552 | Abyss:2  | Noticed a wretched star
  9553 | Abyss:2  | 9553 ||| Stepping ~*~*~tactically~*~*~ (stealth).
  9554 | Abyss:2  | 9554 ||| Stepping ~*~*~tactically~*~*~ (stealth).
  9555 | Abyss:2  | 9555 ||| Stepping ~*~*~tactically~*~*~ (stealth).
  9559 | Abyss:2  | 9559 ||| Stepping ~*~*~tactically~*~*~ (stealth).
  9560 | Abyss:2  | 9560 ||| Stepping ~*~*~tactically~*~*~ (stealth).
  9561 | Abyss:2  | 9561 ||| Stepping ~*~*~tactically~*~*~ (stealth).
  9565 | Abyss:2  | 9565 ||| Stepping ~*~*~tactically~*~*~ (stealth).
  9650 | D:9      | Escaped the Abyss
  9651 | D:9      | 9651 ||| INVOKING Berserk.
  9653 | D:9      | Killed Psyche
  9654 | D:9      | Reached XP level 11. HP: 97/97 MP: 10/10
  9791 | D:9      | Identified the +7 hand axe "Grim" {vorpal, Fragile rElec
                  | Int+2}
  9866 | D:9      | Reached skill level 6 in Shields
  9918 | D:9      | 9918 ||| Stepping ~*~*~tactically~*~*~ (stealth).
  9919 | D:9      | Noticed a two-headed ogre
  9920 | D:9      | 9920 ||| INVOKING Berserk.
  9925 | D:9      | Reached skill level 3 in Dodging
  9929 | D:9      | Killed a two-headed ogre
  9991 | D:9      | Found a staircase to the Orcish Mines.
 10009 | D:9      | 10009 ||| Stepping ~*~*~tactically~*~*~ (stealth).
 10016 | D:9      | 10016 ||| Stepping ~*~*~tactically~*~*~ (stealth).
 10047 | D:9      | 10047 ||| Stepping ~*~*~tactically~*~*~ (stealth).
 10050 | D:9      | 10050 ||| Stepping ~*~*~tactically~*~*~ (stealth).
 10375 | D:9      | 10375 ||| DROPPING +0 flail.
 10507 | D:9      | 10507 ||| UPGRADING to amulet of regeneration.
 10512 | D:9      | 10512 ||| DRINKING 2 bubbling grey potions.
 10613 | D:9      | 10613 ||| DRINKING 2 bubbling pink potions.
 10614 | D:9      | 10614 ||| READING 2 scrolls of identify.
 10614 | D:9      | 10614 ||| IDENTIFYING dark potion
 10615 | D:9      | 10615 ||| DROPPING potion of brilliance.
 10616 | D:9      | 10616 ||| DROPPING potion of ambrosia.
 10617 | D:9      | 10617 ||| DROPPING potion of attraction.
 10623 | D:10     | Entered Level 10 of the Dungeon
 10629 | D:10     | Reached skill level 10 in Fighting
 10727 | D:10     | 10727 ||| INVOKING Berserk.
 10745 | D:10     | 10745 ||| Stepping ~*~*~tactically~*~*~ (stealth).
 10769 | D:10     | 10769 ||| Stepping ~*~*~tactically~*~*~ (stealth).
 10775 | D:10     | 10775 ||| Stepping ~*~*~tactically~*~*~ (stealth).
 10910 | D:10     | Noticed Urug
 10911 | D:10     | 10911 ||| INVOKING Brothers in Arms.
 10914 | D:10     | 10914 ||| INVOKING Berserk.
 10919 | D:10     | Killed Urug
 11035 | D:10     | 11035 ||| SWAPPING to +3 broad axe.
 11036 | D:10     | 11036 ||| DROPPING +3 war axe.
 11042 | D:10     | Noticed Maggie
 11051 | D:10     | Killed Maggie
 11052 | D:10     | Reached skill level 3 in Throwing
 11199 | D:10     | 11199 ||| Stepping ~*~*~tactically~*~*~ (hiding).
 11202 | D:10     | 11202 ||| INVOKING Berserk.
 11393 | D:10     | 11393 ||| READING scroll labelled ZYBBUI TAEFY.
 11394 | D:10     | 11394 ||| READING 2 scrolls of identify.
 11394 | D:10     | 11394 ||| IDENTIFYING fizzy ruby potion
 11435 | D:11     | Found a staircase to the Lair.
 11448 | D:11     | Noticed Josephine
 11449 | D:11     | 11449 ||| Stepping ~*~*~tactically~*~*~ (stealth).
 11460 | D:11     | Noticed a two-headed ogre
 11463 | D:11     | 11463 ||| INVOKING Berserk.
 11467 | D:11     | Killed Josephine
 11469 | D:11     | Killed a two-headed ogre
 11580 | D:11     | 11580 ||| Stepping ~*~*~tactically~*~*~ (hiding).
 11852 | D:11     | 11852 ||| Stepping ~*~*~tactically~*~*~ (hiding).
 11857 | D:11     | 11857 ||| Stepping ~*~*~tactically~*~*~ (hiding).
 11863 | D:11     | 11863 ||| INVOKING Berserk.
 12056 | D:11     | 12056 ||| Stepping ~*~*~tactically~*~*~ (hiding).
 12057 | D:11     | 12057 ||| Stepping ~*~*~tactically~*~*~ (hiding).
 12058 | D:11     | 12058 ||| Stepping ~*~*~tactically~*~*~ (hiding).
 12059 | D:11     | 12059 ||| Stepping ~*~*~tactically~*~*~ (hiding).
 12073 | D:11     | 12073 ||| FLEEEEING.
 12074 | D:11     | 12074 ||| FLEEEEING.
 12075 | D:11     | 12075 ||| FLEEEEING.
 12076 | D:11     | 12076 ||| FLEEEEING.
 12077 | D:11     | 12077 ||| FLEEEEING.
 12146 | D:11     | 12146 ||| Stepping ~*~*~tactically~*~*~ (hiding).
 12147 | D:11     | 12147 ||| Stepping ~*~*~tactically~*~*~ (hiding).
 12148 | D:11     | 12148 ||| Stepping ~*~*~tactically~*~*~ (hiding).
 12165 | D:11     | 12165 ||| Stepping ~*~*~tactically~*~*~ (hiding).
 12166 | D:11     | 12166 ||| Stepping ~*~*~tactically~*~*~ (hiding).
 12168 | D:11     | 12168 ||| Stepping ~*~*~tactically~*~*~ (hiding).
 12169 | D:11     | 12169 ||| Stepping ~*~*~tactically~*~*~ (hiding).
 12474 | D:11     | 12474 ||| UPGRADING to +0 pair of boots.
 12490 | D:11     | 12490 ||| DROPPING ring of magical power.
 12491 | D:11     | 12491 ||| READING 4 scrolls of teleportation.
 12522 | D:11     | 12522 ||| READING 3 scrolls of teleportation.
 12594 | D:11     | Noticed a two-headed ogre
 12595 | D:11     | 12595 ||| FLEEEEING.
 12596 | D:11     | 12596 ||| FLEEEEING.
 12597 | D:11     | 12597 ||| FLEEEEING.
 12598 | D:11     | 12598 ||| FLEEEEING.
 12599 | D:11     | 12599 ||| FLEEEEING.
 12600 | D:11     | 12600 ||| FLEEEEING.
 12601 | D:11     | 12601 ||| FLEEEEING.
 12602 | D:11     | 12602 ||| FLEEEEING.
 12603 | D:11     | 12603 ||| FLEEEEING.
 12604 | D:11     | 12604 ||| FLEEEEING.
 12605 | D:11     | 12605 ||| FLEEEEING.
 12606 | D:11     | 12606 ||| FLEEEEING.
 12607 | D:11     | 12607 ||| FLEEEEING.
 12608 | D:11     | 12608 ||| FLEEEEING.
 12609 | D:11     | 12609 ||| FLEEEEING.
 12610 | D:11     | 12610 ||| FLEEEEING.
 12611 | D:11     | 12611 ||| FLEEEEING.
 12612 | D:11     | 12612 ||| FLEEEEING.
 12613 | D:11     | 12613 ||| FLEEEEING.
 12614 | D:11     | 12614 ||| FLEEEEING.
 12615 | D:11     | 12615 ||| FLEEEEING.
 12616 | D:11     | 12616 ||| FLEEEEING.
 12617 | D:11     | 12617 ||| INVOKING Berserk.
 12620 | D:11     | Killed a two-headed ogre
 12621 | D:11     | Reached XP level 12. HP: 106/106 MP: 11/11
 12953 | D:11     | 12953 ||| READING 2 scrolls of teleportation.
 12954 | D:11     | 12954 ||| FLEEEEING.
 12999 | D:11     | 12999 ||| READING scroll of teleportation.
 13038 | D:11     | 13038 ||| Stepping randomly (stuck).
 13040 | D:11     | 13040 ||| Stepping randomly (stuck).
 13052 | D:11     | 13052 ||| PLANNING LAIR
 13088 | Lair:1   | Entered Level 1 of the Lair of Beasts
 13130 | Lair:1   | Reached skill level 18 in Axes
 13234 | Lair:1   | 13234 ||| INVOKING Berserk.
 13238 | Lair:1   | Reached skill level 9 in Armour
 13390 | Lair:1   | Noticed a six-headed hydra
 13391 | Lair:1   | 13391 ||| INVOKING Brothers in Arms.
 13392 | Lair:1   | 13392 ||| SWAPPING to +0 flail of protection.
 13393 | Lair:1   | 13393 ||| INVOKING Berserk.
 13399 | Lair:1   | Killed a six-headed hydra
 13422 | Lair:1   | 13422 ||| SWAPPING to +3 broad axe.
 13589 | Lair:1   | Reached skill level 11 in Fighting
 14108 | Lair:1   | 14108 ||| UPGRADING to +0 pair of gloves.
 14113 | Lair:1   | 14113 ||| READING scroll labelled DOCLOCR EJ SOEXU.
 14113 | Lair:1   | Identified a scroll of acquirement
 14113 | Lair:1   | 14113 ||| ACQUIRING +0 pair of boots of Bakeub {rPois rF+
                  | Str+4 Int-5}
 14113 | Lair:1   | Acquired the +0 pair of boots of Bakeub {rPois rF+ Str+4
                  | Int-5}
 14115 | Lair:1   | 14115 ||| READING scroll labelled AFRUEC CAOCY.
 14216 | Lair:1   | 14216 ||| READING scroll labelled EMIT DOKHLEFUO.
 14268 | Lair:2   | Found a staircase to the Snake Pit.
 14270 | Lair:2   | 14270 ||| STAIRDANCE
 14280 | Lair:2   | 14280 ||| INVOKING Berserk.
 14286 | Lair:2   | 14286 ||| STAIRDANCE
 14408 | Lair:2   | Noticed a seven-headed hydra
 14409 | Lair:2   | 14409 ||| INVOKING Brothers in Arms.
 14411 | Lair:2   | 14411 ||| SWAPPING to +0 flail of protection.
 14412 | Lair:2   | 14412 ||| INVOKING Berserk.
 14417 | Lair:2   | Killed a seven-headed hydra
 14425 | Lair:2   | 14425 ||| SWAPPING to +3 broad axe of chaos.
 14436 | Lair:2   | Found a staircase to the Swamp.
 14508 | Lair:2   | 14508 ||| Stepping ~*~*~tactically~*~*~ (hiding).
 14509 | Lair:2   | 14509 ||| Stepping ~*~*~tactically~*~*~ (stealth).
 14510 | Lair:2   | 14510 ||| Stepping ~*~*~tactically~*~*~ (hiding).
 14511 | Lair:2   | 14511 ||| INVOKING Berserk.
 14649 | Lair:2   | Noticed Amaemon
 14650 | Lair:2   | 14650 ||| DRINKING 2 potions of cancellation.
 14658 | Lair:2   | 14658 ||| INVOKING Berserk.
 14672 | Lair:2   | Killed Amaemon
 14792 | Lair:2   | 14792 ||| DROPPING +0 flail of protection.
 14877 | Lair:2   | Reached skill level 12 in Fighting
 14913 | Lair:2   | 14913 ||| Stepping ~*~*~tactically~*~*~ (hiding).
 14965 | Lair:2   | 14965 ||| Stepping ~*~*~tactically~*~*~ (stealth).
 15106 | Lair:2   | Identified the +1 cloak "Caaneck" {Str+4}
 15451 | Lair:2   | 15451 ||| UPGRADING to +1 cloak "Caaneck" {Str+4}.
 15456 | Lair:2   | 15456 ||| READING 8 scrolls of identify.
 15456 | Lair:2   | 15456 ||| IDENTIFYING sapphire potion
 15457 | Lair:2   | 15457 ||| DROPPING potion of invisibility.
 15471 | Lair:3   | 15471 ||| PLANNING GAUNTLET
 15484 | Lair:3   | 15484 ||| INVOKING Berserk.
 15495 | Lair:3   | 15495 ||| FLEEEEING.
 15496 | Lair:3   | 15496 ||| FLEEEEING.
 15498 | Lair:3   | 15498 ||| FLEEEEING.
 15499 | Lair:3   | 15499 ||| FLEEEEING.
 15500 | Lair:3   | 15500 ||| FLEEEEING.
 15501 | Lair:3   | 15501 ||| FLEEEEING.
 15502 | Lair:3   | 15502 ||| FLEEEEING.
 15503 | Lair:3   | 15503 ||| STAIRDANCE
 15615 | Lair:3   | 15615 ||| INVOKING Berserk.
 15622 | Lair:3   | 15622 ||| STAIRDANCE
 15804 | Lair:3   | 15804 ||| Stepping ~*~*~tactically~*~*~ (hiding).
 15819 | Lair:3   | Reached XP level 13. HP: 112/118 MP: 12/12
 15859 | Lair:3   | 15859 ||| INVOKING Berserk.
 15932 | Lair:3   | 15932 ||| RIP GAUNTLET
 15968 | Lair:3   | 15968 ||| PLANNING LAIR
 16024 | Lair:3   | 16024 ||| INVOKING Berserk.
 16196 | Lair:3   | 16196 ||| Stepping ~*~*~tactically~*~*~ (stealth).
 16202 | Lair:3   | 16202 ||| INVOKING Berserk.
 16204 | Lair:3   | Reached skill level 12 in Armour
 16337 | Lair:3   | 16337 ||| Stepping ~*~*~tactically~*~*~ (stealth).
 16341 | Lair:3   | Noticed Snorg
 16342 | Lair:3   | 16342 ||| INVOKING Brothers in Arms.
 16343 | Lair:3   | Noticed Fannar
 16350 | Lair:3   | 16350 ||| INVOKING Berserk.
 16352 | Lair:3   | Killed Snorg
 16356 | Lair:3   | Killed Fannar
 16357 | Lair:3   | Reached skill level 13 in Fighting
 16666 | Lair:3   | 16666 ||| READING scroll of enchant armour.
 16666 | Lair:3   | 16666 ||| ENCHANTING +0 pair of gloves.
 17062 | Lair:3   | 17062 ||| DROPPING ring of ice.
 17063 | Lair:3   | 17063 ||| UPGRADING to ring of protection from cold.
 17100 | Lair:4   | 17100 ||| STAIRDANCE
 17106 | Lair:4   | 17106 ||| INVOKING Berserk.
 17117 | Lair:4   | 17117 ||| STAIRDANCE
 17288 | Lair:4   | 17288 ||| READING scroll of enchant weapon.
 17288 | Lair:4   | 17288 ||| ENCHANTING +3 broad axe of chaos.
 17403 | Lair:4   | 17403 ||| DRINKING potion of cancellation.
 17476 | Lair:4   | 17476 ||| Stepping ~*~*~tactically~*~*~ (stealth).
 17477 | Lair:4   | 17477 ||| Stepping ~*~*~tactically~*~*~ (stealth).
 17478 | Lair:4   | 17478 ||| Stepping ~*~*~tactically~*~*~ (stealth).
 17485 | Lair:4   | Found a staircase to the Slime Pits.
 17773 | Lair:4   | 17773 ||| INVOKING Berserk.
 17777 | Lair:4   | Reached skill level 6 in Throwing
 18067 | Lair:4   | 18067 ||| READING 2 scrolls labelled IPUUPP VIFOV.
 18068 | Lair:4   | 18068 ||| DROPPING scroll of noise.
 18090 | Lair:5   | Entered Level 5 of the Lair of Beasts
 18092 | Lair:5   | 18092 ||| Stepping ~*~*~tactically~*~*~ (stealth).
 18093 | Lair:5   | 18093 ||| Stepping ~*~*~tactically~*~*~ (stealth).
 18096 | Lair:5   | 18096 ||| INVOKING Berserk.
 18108 | Lair:5   | Reached skill level 9 in Shields
 18126 | Lair:5   | Reached skill level 14 in Fighting
 18144 | Lair:5   | 18144 ||| INVOKING Brothers in Arms.
 18145 | Lair:5   | 18145 ||| INVOKING Brothers in Arms.
 18155 | Lair:5   | 18155 ||| SWAPPING to +0 demon whip of venom.
 18156 | Lair:5   | 18156 ||| FLEEEEING.
 18157 | Lair:5   | 18157 ||| FLEEEEING.
 18158 | Lair:5   | 18158 ||| INVOKING Brothers in Arms.
 18159 | Lair:5   | 18159 ||| INVOKING Brothers in Arms.
 18160 | Lair:5   | HP: 29/124 [eight-headed hydra (8)]
 18161 | Lair:5   | 18161 ||| READING scroll of teleportation.
 18162 | Lair:5   | Reached skill level 6 in Dodging
 18162 | Lair:5   | 18162 ||| SWAPPING to +4 broad axe of chaos.
 18183 | Lair:5   | 18183 ||| SWAPPING to +0 demon whip of venom.
 18186 | Lair:5   | 18186 ||| SWAPPING to +4 broad axe of chaos.
 18189 | Lair:5   | 18189 ||| INVOKING Berserk.
 18219 | Lair:5   | 18219 ||| INVOKING Brothers in Arms.
 18220 | Lair:5   | 18220 ||| INVOKING Brothers in Arms.
 18221 | Lair:5   | 18221 ||| INVOKING Brothers in Arms.
 18222 | Lair:5   | 18222 ||| INVOKING Brothers in Arms.
 18228 | Lair:5   | Reached XP level 14. HP: 61/133 MP: 13/13
 18233 | Lair:5   | 18233 ||| SWAPPING to +0 demon whip of venom.
 18235 | Lair:5   | 18235 ||| SWAPPING to +4 broad axe of chaos.
 18316 | Lair:5   | 18316 ||| INVOKING Berserk.
 18323 | Lair:5   | Reached skill level 15 in Fighting
 18364 | Lair:5   | 18364 ||| INVOKING Brothers in Arms.
 18366 | Lair:5   | 18366 ||| INVOKING Berserk.
 18373 | Lair:5   | Paralysed by a hornet for 3 turns
 18395 | Lair:5   | 18395 ||| Stepping ~*~*~tactically~*~*~ (stealth).
 18424 | Lair:5   | 18424 ||| INVOKING Berserk.
 18442 | Lair:5   | 18442 ||| Stepping ~*~*~tactically~*~*~ (stealth).
 18504 | Lair:5   | 18504 ||| Stepping ~*~*~tactically~*~*~ (stealth).
 18547 | Lair:5   | 18547 ||| INVOKING Berserk.
 18707 | Lair:5   | Found a transporter.
 18818 | Lair:5   | 18818 ||| Stepping ~*~*~tactically~*~*~ (stealth).
 18819 | Lair:5   | 18819 ||| Stepping ~*~*~tactically~*~*~ (stealth).
 18824 | Lair:5   | 18824 ||| INVOKING Berserk.
 18975 | Lair:5   | 18975 ||| Stepping ~*~*~tactically~*~*~ (stealth).
 19011 | Lair:5   | 19011 ||| Stepping ~*~*~tactically~*~*~ (stealth).
 19014 | Lair:5   | 19014 ||| Stepping ~*~*~tactically~*~*~ (stealth).
 19016 | Lair:5   | 19016 ||| Stepping ~*~*~tactically~*~*~ (stealth).
 19021 | Lair:5   | 19021 ||| Stepping ~*~*~tactically~*~*~ (stealth).
 19027 | Lair:5   | 19027 ||| Stepping ~*~*~tactically~*~*~ (stealth).
 19033 | Lair:5   | 19033 ||| READING 2 scrolls of enchant armour.
 19033 | Lair:5   | 19033 ||| ENCHANTING +1 pair of gloves.
 19034 | Lair:5   | 19034 ||| READING scroll of enchant armour.
 19034 | Lair:5   | 19034 ||| ENCHANTING +0 pair of boots.
 19110 | Lair:5   | 19110 ||| INVOKING Brothers in Arms.
 19111 | Lair:5   | 19111 ||| INVOKING Brothers in Arms.
 19114 | Lair:5   | 19114 ||| SWAPPING to +0 demon whip of venom.
 19115 | Lair:5   | 19115 ||| INVOKING Berserk.
 19128 | Lair:5   | 19128 ||| SWAPPING to +4 broad axe of chaos.
 19306 | Lair:5   | Found a transporter.
 19310 | Lair:5   | Noticed qw's ghost (journeyman TrCA)
 19615 | Lair:5   | 19615 ||| PLANNING D
 19615 | Lair:5   | 19615 ||| UPGRADING to +2 buckler.
 19625 | Lair:5   | 19625 ||| DROPPING +0 buckler.
 19626 | Lair:5   | 19626 ||| READING scroll labelled XALLUIRHIB.
 19627 | Lair:5   | 19627 ||| READING scroll labelled VUNLIO CENAOSI.
 19628 | Lair:5   | 19628 ||| READING 4 scrolls of teleportation.
 19777 | D:12     | 19777 ||| Stepping ~*~*~tactically~*~*~ (stealth).
 19787 | D:12     | 19787 ||| INVOKING Berserk.
 20017 | D:12     | 20017 ||| FLEEEEING.
 20021 | D:12     | 20021 ||| FLEEEEING.
 20022 | D:12     | 20022 ||| FLEEEEING.
 20023 | D:12     | 20023 ||| STAIRDANCE
 20049 | D:12     | 20049 ||| STAIRDANCE
 20171 | D:12     | 20171 ||| Stepping ~*~*~tactically~*~*~ (stealth).
 20173 | D:12     | 20173 ||| INVOKING Berserk.
 20396 | D:12     | 20396 ||| INVOKING Brothers in Arms.
 20397 | D:12     | 20397 ||| SWAPPING to +0 demon whip of venom.
 20398 | D:12     | 20398 ||| INVOKING Berserk.
 20409 | D:12     | 20409 ||| SWAPPING to +4 broad axe of chaos.
 20531 | D:12     | 20531 ||| READING scroll of acquirement.
 20531 | D:12     | 20531 ||| ACQUIRING +2 broad axe of flaming
 20531 | D:12     | Acquired a +2 broad axe of flaming
 20533 | D:12     | 20533 ||| SWAPPING to +2 broad axe of flaming.
 20534 | D:12     | 20534 ||| DROPPING +0 demon whip of venom.
 20535 | D:12     | 20535 ||| DROPPING +4 broad axe of chaos.
 20628 | D:12     | 20628 ||| READING scroll of enchant armour.
 20628 | D:12     | 20628 ||| ENCHANTING +1 pair of boots.
 20948 | D:12     | 20948 ||| READING 14 scrolls of identify.
 20948 | D:12     | 20948 ||| IDENTIFYING lumpy white potion
 20949 | D:12     | 20949 ||| DROPPING potion of degeneration.
 20991 | D:13     | Reached skill level 16 in Fighting
 21177 | D:13     | You fall into a shaft and drop 2 floors!
 21177 | D:15     | Entered Level 15 of the Dungeon
 21256 | D:14     | Reached skill level 15 in Armour
 21379 | D:14     | 21379 ||| Stepping ~*~*~tactically~*~*~ (stealth).
 21395 | D:14     | 21395 ||| Stepping ~*~*~tactically~*~*~ (stealth).
 21523 | D:13     | 21523 ||| FLEEEEING.
 21524 | D:13     | 21524 ||| FLEEEEING.
 21525 | D:13     | 21525 ||| FLEEEEING.
 21526 | D:13     | 21526 ||| FLEEEEING.
 21527 | D:13     | 21527 ||| FLEEEEING.
 21593 | D:13     | 21593 ||| FLEEEEING.
 21594 | D:13     | 21594 ||| FLEEEEING.
 21595 | D:13     | 21595 ||| FLEEEEING.
 21596 | D:13     | 21596 ||| FLEEEEING.
 21597 | D:13     | 21597 ||| FLEEEEING.
 21598 | D:13     | 21598 ||| FLEEEEING.
 21605 | D:13     | 21605 ||| FLEEEEING.
 21632 | D:13     | Found an iron altar of Okawaru.
 21636 | D:13     | 21636 ||| Stepping ~*~*~tactically~*~*~ (hiding).
 21807 | D:13     | 21807 ||| Stepping ~*~*~tactically~*~*~ (hiding).
 22087 | D:13     | Identified the +3 ring mail of Zeasill {rElec rC- Str+2
                  | Stlth+}
 22192 | D:13     | 22192 ||| READING 4 scrolls of teleportation.
 22193 | D:13     | 22193 ||| STAIRDANCE
 22251 | D:14     | 22251 ||| STAIRDANCE
 22256 | D:14     | 22256 ||| STAIRDANCE
 22322 | D:14     | 22322 ||| DRINKING 9 potions of curing.
 22322 | D:14     | 22322 ||| (to cure bad poison)
 22329 | D:14     | 22329 ||| STAIRDANCE
 22367 | D:14     | Found a portal to a secret trove of treasure.
 22429 | D:14     | Found a gate to the Vaults.
 22445 | D:14     | 22445 ||| READING scroll of brand weapon.
 22445 | D:14     | 22445 ||| BRANDING +2 broad axe of flaming.
 22735 | D:14     | Found Moxytun's Vocational Training.
 23010 | D:15     | 23010 ||| Stepping ~*~*~tactically~*~*~ (hiding).
 23014 | D:15     | 23014 ||| INVOKING Trog's Hand.
 23015 | D:15     | 23015 ||| INVOKING Brothers in Arms.
 23032 | D:15     | Reached XP level 15. HP: 128/146 MP: 14/14
 23035 | D:15     | Reached skill level 17 in Fighting
 23154 | D:15     | 23154 ||| INVOKING Brothers in Arms.
 23156 | D:15     | 23156 ||| SWAPPING to +0 whip.
 23157 | D:15     | 23157 ||| INVOKING Berserk.
 23170 | D:15     | 23170 ||| SWAPPING to +2 vorpal broad axe.
 23316 | D:15     | 23316 ||| Stepping ~*~*~tactically~*~*~ (stealth).
 23317 | D:15     | 23317 ||| INVOKING Berserk.
 23432 | D:15     | 23432 ||| DROPPING +0 whip.
 23503 | D:15     | 23503 ||| INVOKING Trog's Hand.
 23558 | D:15     | 23558 ||| Stepping ~*~*~tactically~*~*~ (stealth).
 23559 | D:15     | 23559 ||| Stepping ~*~*~tactically~*~*~ (stealth).
 23563 | D:15     | 23563 ||| Stepping ~*~*~tactically~*~*~ (stealth).
 23564 | D:15     | 23564 ||| Stepping ~*~*~tactically~*~*~ (stealth).
 23572 | D:15     | Found a staircase to the Depths.
 23677 | D:15     | Found Puwk's Antique Weapon Boutique.
 23716 | D:15     | 23716 ||| BUYING brightly glowing mace (224 gold).
 23716 | D:15     | Bought a brightly glowing mace for 224 gold pieces
 23716 | D:15     | Identified the +9 mace of Zeof {vorpal, rF+ Int+3} (You
                  | bought it in a shop on level 15 of the Dungeon)
 23716 | D:15     | 23716 ||| UPGRADING to +4 ring of slaying {mikee}.
 23718 | D:15     | 23718 ||| PLANNING ORC
 23718 | D:15     | 23718 ||| DROPPING ring of resist corrosion.
 23719 | D:15     | 23719 ||| DROPPING ring of willpower.
 23720 | D:15     | 23720 ||| DROPPING ring of protection from cold.
 23855 | Orc:1    | Entered Level 1 of the Orcish Mines
 23948 | Orc:2    | Entered Level 2 of the Orcish Mines
 23949 | Orc:2    | 23949 ||| STAIRDANCE
 23995 | Orc:2    | 23995 ||| Stepping ~*~*~tactically~*~*~ (hiding).
 23996 | Orc:2    | 23996 ||| Stepping ~*~*~tactically~*~*~ (hiding).
 24004 | Orc:2    | Noticed an orc warlord
 24005 | Orc:2    | 24005 ||| INVOKING Brothers in Arms.
 24015 | Orc:2    | 24015 ||| INVOKING Berserk.
 24021 | Orc:2    | Killed an orc warlord
 24286 | Orc:2    | Found a staircase to the Elven Halls.
 24295 | Orc:2    | 24295 ||| Stepping ~*~*~tactically~*~*~ (stealth).
 24296 | Orc:2    | 24296 ||| Stepping ~*~*~tactically~*~*~ (stealth).
 24297 | Orc:2    | 24297 ||| Stepping ~*~*~tactically~*~*~ (stealth).
 24298 | Orc:2    | 24298 ||| Stepping ~*~*~tactically~*~*~ (stealth).
 24299 | Orc:2    | 24299 ||| Stepping ~*~*~tactically~*~*~ (stealth).
 24300 | Orc:2    | 24300 ||| Stepping ~*~*~tactically~*~*~ (stealth).
 24439 | Orc:2    | 24439 ||| Stepping ~*~*~tactically~*~*~ (stealth).
 24450 | Orc:2    | 24450 ||| Stepping ~*~*~tactically~*~*~ (hiding).
 24452 | Orc:2    | 24452 ||| Stepping ~*~*~tactically~*~*~ (hiding).
 24456 | Orc:2    | 24456 ||| Stepping ~*~*~tactically~*~*~ (hiding).
 24457 | Orc:2    | 24457 ||| Stepping ~*~*~tactically~*~*~ (hiding).
 24460 | Orc:2    | 24460 ||| Stepping ~*~*~tactically~*~*~ (hiding).
 24466 | Orc:2    | 24466 ||| Stepping ~*~*~tactically~*~*~ (hiding).
 24471 | Orc:2    | 24471 ||| INVOKING Trog's Hand.
 24474 | Orc:2    | 24474 ||| INVOKING Berserk.
 24489 | Orc:2    | Reached skill level 18 in Fighting
 24499 | Orc:2    | 24499 ||| INVOKING Brothers in Arms.
 24500 | Orc:2    | HP: 26/149 [orc priest/divine providence (16)]
 24501 | Orc:2    | 24501 ||| READING 3 scrolls of teleportation.
 24502 | Orc:2    | 24502 ||| DRINKING 5 potions of heal wounds.
 24616 | Orc:2    | Found Rain's Antique Weapon Shoppe.
 24616 | Orc:2    | Found Qorhunk's General Store.
 24617 | Orc:2    | Found Vovirgh's Antique Weapon Emporium.
 24621 | Orc:2    | Found Awyinea's Antique Armour Emporium.
 24625 | Orc:2    | 24625 ||| BUYING potion of curing (51 gold).
 24625 | Orc:2    | Bought a potion of curing for 51 gold pieces
 24625 | Orc:2    | 24625 ||| BUYING scroll of teleportation (51 gold).
 24625 | Orc:2    | Bought a scroll of teleportation for 51 gold pieces
 24626 | Orc:2    | 24626 ||| BUYING glowing flail (104 gold).
 24626 | Orc:2    | Bought a glowing flail for 104 gold pieces
 24626 | Orc:2    | 24626 ||| DROPPING +0 flail.
 24628 | Orc:2    | 24628 ||| BUYING glowing plate armour (1066 gold).
 24628 | Orc:2    | Bought a glowing plate armour for 1066 gold pieces
 24638 | Orc:2    | 24638 ||| Stepping ~*~*~tactically~*~*~ (stealth).
 24639 | Orc:2    | 24639 ||| Stepping ~*~*~tactically~*~*~ (stealth).
 24641 | Orc:2    | 24641 ||| Stepping ~*~*~tactically~*~*~ (hiding).
 24647 | Orc:2    | 24647 ||| Stepping ~*~*~tactically~*~*~ (hiding).
 24653 | Orc:2    | 24653 ||| Stepping ~*~*~tactically~*~*~ (hiding).
 24683 | Orc:2    | 24683 ||| DROPPING +2 flail of holy wrath.
 24684 | Orc:2    | 24684 ||| DROPPING +9 mace of Zeof {vorpal, rF+ Int+3}.
 24775 | Orc:2    | 24775 ||| UPGRADING to +3 plate armour of poison
                  | resistance.
 24785 | Orc:2    | 24785 ||| DROPPING +0 plate armour.
 24813 | Orc:1    | 24813 ||| INVOKING Trog's Hand.
 24816 | Orc:1    | 24816 ||| INVOKING Berserk.
 24938 | Orc:1    | 24938 ||| Stepping ~*~*~tactically~*~*~ (hiding).
 24940 | Orc:1    | 24940 ||| Stepping ~*~*~tactically~*~*~ (hiding).
 24942 | Orc:1    | 24942 ||| Stepping ~*~*~tactically~*~*~ (hiding).
 25124 | Orc:1    | 25124 ||| PLANNING SNAKE:1-3
 25251 | Snake:1  | Entered Level 1 of the Snake Pit
 25253 | Snake:1  | Noticed Aizul
 25254 | Snake:1  | 25254 ||| INVOKING Trog's Hand.
 25255 | Snake:1  | 25255 ||| INVOKING Brothers in Arms.
 25257 | Snake:1  | 25257 ||| INVOKING Berserk.
 25262 | Snake:1  | Killed Aizul
 25269 | Snake:1  | Received a gift from Trog
 25286 | Snake:1  | Found a runed translucent door.
 25392 | Snake:1  | 25392 ||| SWAPPING to +1 antimagic broad axe.
 25393 | Snake:1  | 25393 ||| DROPPING +2 vorpal broad axe.
 25411 | Snake:1  | Noticed vinnietd's ghost (adept HaFi)
 25478 | Snake:1  | 25478 ||| Stepping ~*~*~tactically~*~*~ (hiding).
 25527 | Snake:1  | 25527 ||| Stepping ~*~*~tactically~*~*~ (hiding).
 25529 | Snake:1  | 25529 ||| Stepping ~*~*~tactically~*~*~ (hiding).
 25540 | Snake:1  | 25540 ||| Stepping ~*~*~tactically~*~*~ (hiding).
 25555 | Snake:1  | 25555 ||| Stepping ~*~*~tactically~*~*~ (hiding).
 25556 | Snake:1  | 25556 ||| Stepping ~*~*~tactically~*~*~ (hiding).
 25557 | Snake:1  | 25557 ||| Stepping ~*~*~tactically~*~*~ (hiding).
 25614 | Snake:1  | 25614 ||| READING scroll of enchant weapon.
 25614 | Snake:1  | 25614 ||| ENCHANTING +1 antimagic broad axe.
 25659 | Snake:1  | 25659 ||| Stepping ~*~*~tactically~*~*~ (hiding).
 25899 | Snake:1  | 25899 ||| READING 18 scrolls of identify.
 25899 | Snake:1  | 25899 ||| IDENTIFYING ruby potion
 25900 | Snake:1  | 25900 ||| DROPPING potion of flight.
 25920 | Snake:2  | 25920 ||| Stepping ~*~*~tactically~*~*~ (stealth).
 26006 | Snake:2  | 26006 ||| Stepping ~*~*~tactically~*~*~ (stealth).
 26047 | Snake:2  | Noticed a nagaraja
 26049 | Snake:2  | 26049 ||| INVOKING Berserk.
 26054 | Snake:2  | Killed a nagaraja
 26055 | Snake:2  | Reached skill level 9 in Throwing
 26055 | Snake:2  | Reached XP level 16. HP: 157/157 MP: 5/15
 26082 | Snake:2  | 26082 ||| Stepping ~*~*~tactically~*~*~ (stealth).
 26210 | Snake:2  | Found Raujut's Antique Weapon Boutique.
 26307 | Snake:2  | 26307 ||| Stepping ~*~*~tactically~*~*~ (hiding).
 26316 | Snake:2  | Reached skill level 9 in Dodging
 26397 | Snake:2  | 26397 ||| Stepping ~*~*~tactically~*~*~ (hiding).
 26457 | Snake:2  | 26457 ||| Stepping ~*~*~tactically~*~*~ (hiding).
 26835 | Snake:2  | 26835 ||| Stepping ~*~*~tactically~*~*~ (stealth).
 26890 | Snake:3  | 26890 ||| STAIRDANCE
 26901 | Snake:3  | 26901 ||| STAIRDANCE
 26967 | Snake:3  | 26967 ||| INVOKING Berserk.
 26973 | Snake:3  | Reached skill level 19 in Fighting
 27131 | Snake:3  | 27131 ||| Stepping ~*~*~tactically~*~*~ (hiding).
 27142 | Snake:3  | 27142 ||| Stepping ~*~*~tactically~*~*~ (hiding).
 27148 | Snake:3  | Received a gift from Trog
 27166 | Snake:3  | 27166 ||| Stepping ~*~*~tactically~*~*~ (hiding).
 27176 | Snake:3  | 27176 ||| INVOKING Berserk.
 27189 | Snake:3  | 27189 ||| Stepping ~*~*~tactically~*~*~ (hiding).
 27191 | Snake:3  | 27191 ||| INVOKING Brothers in Arms.
 27204 | Snake:3  | Reached skill level 18 in Armour
 27238 | Snake:3  | 27238 ||| INVOKING Berserk.
 27321 | Snake:3  | 27321 ||| DROPPING +4 antimagic war axe.
 27389 | Snake:3  | 27389 ||| Stepping ~*~*~tactically~*~*~ (hiding).
 27390 | Snake:3  | 27390 ||| Stepping ~*~*~tactically~*~*~ (hiding).
 27392 | Snake:3  | 27392 ||| Stepping ~*~*~tactically~*~*~ (hiding).
 27393 | Snake:3  | 27393 ||| Stepping ~*~*~tactically~*~*~ (hiding).
 27484 | Snake:3  | 27484 ||| Stepping ~*~*~tactically~*~*~ (hiding).
 27486 | Snake:3  | 27486 ||| Stepping ~*~*~tactically~*~*~ (hiding).
 27487 | Snake:3  | 27487 ||| Stepping ~*~*~tactically~*~*~ (hiding).
 27494 | Snake:3  | Reached skill level 12 in Shields
 27494 | Snake:3  | 27494 ||| Stepping ~*~*~tactically~*~*~ (hiding).
 27496 | Snake:3  | 27496 ||| Stepping ~*~*~tactically~*~*~ (hiding).
 27628 | Snake:3  | 27628 ||| Stepping ~*~*~tactically~*~*~ (hiding).
 27632 | Snake:3  | 27632 ||| INVOKING Berserk.
 27641 | Snake:3  | 27641 ||| FLEEEEING.
 27642 | Snake:3  | 27642 ||| FLEEEEING.
 27643 | Snake:3  | 27643 ||| FLEEEEING.
 27649 | Snake:3  | 27649 ||| STAIRDANCE
 27754 | Snake:2  | 27754 ||| UPGRADING to +0 tower shield.
 27764 | Snake:2  | 27764 ||| DROPPING +2 buckler.
 27765 | Snake:2  | 27765 ||| UPGRADING to +1 tower shield of protection.
 27775 | Snake:2  | 27775 ||| DROPPING +0 tower shield.
 27784 | Snake:3  | 27784 ||| Stepping ~*~*~tactically~*~*~ (hiding).
 27786 | Snake:3  | 27786 ||| Stepping ~*~*~tactically~*~*~ (hiding).
 27910 | Snake:3  | 27910 ||| PLANNING SWAMP:1-3
 27985 | Swamp:1  | Entered Level 1 of the Swamp
 27986 | Swamp:1  | 27986 ||| INVOKING Berserk.
 27997 | Swamp:1  | 27997 ||| INVOKING Brothers in Arms.
 28000 | Swamp:1  | 28000 ||| INVOKING Brothers in Arms.
 28004 | Swamp:1  | 28004 ||| Stepping ~*~*~tactically~*~*~ (water).
 28147 | Swamp:1  | Noticed Mlioglotl
 28148 | Swamp:1  | 28148 ||| INVOKING Brothers in Arms.
 28149 | Swamp:1  | 28149 ||| Stepping ~*~*~tactically~*~*~ (stealth).
 28152 | Swamp:1  | 28152 ||| Stepping ~*~*~tactically~*~*~ (stealth).
 28153 | Swamp:1  | 28153 ||| INVOKING Brothers in Arms.
 28154 | Swamp:1  | 28154 ||| INVOKING Berserk.
 28157 | Swamp:1  | Killed Mlioglotl
 28340 | Swamp:1  | 28340 ||| Stepping ~*~*~tactically~*~*~ (water).
 28346 | Swamp:1  | 28346 ||| Stepping ~*~*~tactically~*~*~ (water).
 28375 | Swamp:1  | 28375 ||| INVOKING Berserk.
 28519 | Swamp:1  | 28519 ||| Stepping ~*~*~tactically~*~*~ (cloud).
 28649 | Swamp:1  | Identified the +0 pair of boots of Quiet Fog {rElec Str+2
                  | Int-2 Dex+4}
 28799 | Swamp:1  | 28799 ||| INVOKING Berserk.
 28986 | Swamp:1  | 28986 ||| DROPPING ring of flight.
 29000 | Swamp:2  | Noticed a thorn hunter
 29016 | Swamp:2  | HP: 38/160 [thorn hunter/volley of thorns (10)]
 29017 | Swamp:2  | 29017 ||| READING 4 scrolls of teleportation.
 29018 | Swamp:2  | 29018 ||| DRINKING 5 potions of heal wounds.
 29020 | Swamp:2  | 29020 ||| INVOKING Berserk.
 29038 | Swamp:2  | HP: 56/240 [spriggan rider/+0 spear (9)]
 29040 | Swamp:2  | 29040 ||| READING 3 scrolls of teleportation.
 29040 | Swamp:2  | HP: 20/160 [spriggan rider/+0 spear (20)]
 29041 | Swamp:2  | 29041 ||| DRINKING 4 potions of heal wounds.
 29075 | Swamp:2  | 29075 ||| Stepping ~*~*~tactically~*~*~ (stealth).
 29076 | Swamp:2  | 29076 ||| Stepping ~*~*~tactically~*~*~ (stealth).
 29077 | Swamp:2  | 29077 ||| INVOKING Brothers in Arms.
 29078 | Swamp:2  | 29078 ||| INVOKING Brothers in Arms.
 29079 | Swamp:2  | 29079 ||| INVOKING Brothers in Arms.
 29080 | Swamp:2  | 29080 ||| INVOKING Berserk.
 29141 | Swamp:2  | 29141 ||| INVOKING Berserk.
 29152 | Swamp:2  | Killed a thorn hunter
 29251 | Swamp:2  | Found a transporter.
 29254 | Swamp:2  | Noticed qw's ghost (adept TrCA)
 29255 | Swamp:2  | Found a transporter.
 29275 | Swamp:2  | 29275 ||| SWAPPING to +1 hand axe of flaming.
 29283 | Swamp:2  | 29283 ||| SWAPPING to +2 antimagic broad axe.
 29428 | Swamp:2  | 29428 ||| INVOKING Berserk.
 29556 | Swamp:2  | Identified the amulet of Dirrygof {Spirit rN+ Int+2 Dex+3}
 29631 | Swamp:2  | Identified the +4 ring mail of Circular Logic {rC+}
 29860 | Swamp:2  | 29860 ||| UPGRADING to amulet of Dirrygof {Spirit rN+ Int+2
                  | Dex+3}.
 29870 | Swamp:2  | 29870 ||| UPGRADING to +0 pair of boots of Quiet Fog {rElec
                  | Str+2 Int-2 Dex+4}.
 29880 | Swamp:2  | 29880 ||| DROPPING +2 pair of boots.
 29898 | Swamp:3  | 29898 ||| Stepping ~*~*~tactically~*~*~ (hiding).
 29904 | Swamp:3  | 29904 ||| STAIRDANCE
 30015 | Swamp:3  | Reached XP level 17. HP: 168/168 MP: 5/16
 30027 | Swamp:3  | 30027 ||| Stepping ~*~*~tactically~*~*~ (hiding).
 30159 | Swamp:3  | 30159 ||| INVOKING Berserk.
 30173 | Swamp:3  | Reached skill level 15 in Shields
 30188 | Swamp:3  | Noticed a tentacled monstrosity
 30190 | Swamp:3  | 30190 ||| INVOKING Trog's Hand.
 30195 | Swamp:3  | 30195 ||| SWAPPING to +1 hand axe of flaming.
 30201 | Swamp:3  | Killed a tentacled monstrosity
 30205 | Swamp:3  | HP: 40/168 [something (14)]
 30206 | Swamp:3  | 30206 ||| READING 3 scrolls of teleportation.
 30207 | Swamp:3  | 30207 ||| DRINKING 4 potions of heal wounds.
 30208 | Swamp:3  | 30208 ||| SWAPPING to +2 antimagic broad axe.
 30209 | Swamp:3  | 30209 ||| DRINKING 3 potions of heal wounds.
 30612 | Swamp:3  | Identified the +9 short sword of Disharmony {vorpal, Str+5}
 30644 | Swamp:3  | 30644 ||| Stepping ~*~*~tactically~*~*~ (stealth).
 30832 | Swamp:3  | 30832 ||| INVOKING Trog's Hand.
 30834 | Swamp:3  | 30834 ||| INVOKING Berserk.
 31069 | Swamp:3  | 31069 ||| PLANNING SNAKE:4
 31167 | Snake:4  | Entered Level 4 of the Snake Pit
 31168 | Snake:4  | 31168 ||| Stepping ~*~*~tactically~*~*~ (hiding).
 31169 | Snake:4  | 31169 ||| Stepping ~*~*~tactically~*~*~ (stealth).
 31182 | Snake:4  | 31182 ||| INVOKING Berserk.
 31200 | Snake:4  | 31200 ||| FLEEEEING.
 31201 | Snake:4  | 31201 ||| STAIRDANCE
 31356 | Snake:4  | Found a transporter.
 31367 | Snake:4  | Noticed qw's ghost (adept TrCA)
 31387 | Snake:4  | 31387 ||| Stepping ~*~*~tactically~*~*~ (hiding).
 31389 | Snake:4  | Noticed Donald
 31394 | Snake:4  | 31394 ||| INVOKING Berserk.
 31402 | Snake:4  | Killed Donald
 31500 | Snake:4  | 31500 ||| Stepping ~*~*~tactically~*~*~ (hiding).
 31517 | Snake:4  | 31517 ||| INVOKING Berserk.
 31884 | Snake:4  | 31884 ||| FLEEEEING.
 31885 | Snake:4  | 31885 ||| FLEEEEING.
 31886 | Snake:4  | 31886 ||| FLEEEEING.
 31892 | Snake:4  | 31892 ||| FLEEEEING.
 31893 | Snake:4  | 31893 ||| FLEEEEING.
 31897 | Snake:4  | 31897 ||| Stepping ~*~*~tactically~*~*~ (hiding).
 32028 | Snake:4  | Found Jymysoeq's Assorted Antiques.
 32035 | Snake:4  | 32035 ||| BUYING glowing chain mail (277 gold).
 32035 | Snake:4  | Bought a glowing chain mail for 277 gold pieces
 32063 | Snake:4  | Found a transporter.
 32073 | Snake:4  | Found a bloodstained altar of Trog.
 32292 | Snake:4  | 32292 ||| INVOKING Berserk.
 32317 | Snake:4  | 32317 ||| INVOKING Brothers in Arms.
 32318 | Snake:4  | 32318 ||| INVOKING Brothers in Arms.
 32319 | Snake:4  | 32319 ||| INVOKING Brothers in Arms.
 32330 | Snake:4  | 32330 ||| FLEEEEING.
 32352 | Snake:4  | 32352 ||| FLEEEEING.
 32475 | Snake:4  | Reached skill level 18 in Shields
 32475 | Snake:4  | 32475 ||| FLEEEEING.
 32476 | Snake:4  | 32476 ||| FLEEEEING.
 32477 | Snake:4  | 32477 ||| FLEEEEING.
 32478 | Snake:4  | 32478 ||| FLEEEEING.
 32479 | Snake:4  | 32479 ||| FLEEEEING.
 32480 | Snake:4  | 32480 ||| FLEEEEING.
 32640 | Snake:4  | 32640 ||| INVOKING Berserk.
 32658 | Snake:4  | 32658 ||| FLEEEEING.
 32659 | Snake:4  | 32659 ||| FLEEEEING.
 32660 | Snake:4  | 32660 ||| FLEEEEING.
 32661 | Snake:4  | 32661 ||| FLEEEEING.
 32662 | Snake:4  | 32662 ||| FLEEEEING.
 32663 | Snake:4  | 32663 ||| FLEEEEING.
 32664 | Snake:4  | 32664 ||| FLEEEEING.
 32665 | Snake:4  | 32665 ||| FLEEEEING.
 32666 | Snake:4  | 32666 ||| FLEEEEING.
 32673 | Snake:4  | 32673 ||| FLEEEEING.
 32678 | Snake:4  | 32678 ||| FLEEEEING.
 32679 | Snake:4  | 32679 ||| FLEEEEING.
 32680 | Snake:4  | 32680 ||| FLEEEEING.
 32681 | Snake:4  | 32681 ||| FLEEEEING.
 32682 | Snake:4  | 32682 ||| FLEEEEING.
 32698 | Snake:4  | 32698 ||| Stepping ~*~*~tactically~*~*~ (hiding).
 32744 | Snake:4  | 32744 ||| SWAPPING to +0 vampiric war axe.
 32745 | Snake:4  | 32745 ||| DROPPING +2 antimagic broad axe.
 32848 | Snake:4  | 32848 ||| INVOKING Berserk.
 32978 | Snake:4  | Noticed Vashnia
 32979 | Snake:4  | 32979 ||| FLEEEEING.
 32980 | Snake:4  | 32980 ||| FLEEEEING.
 32981 | Snake:4  | 32981 ||| FLEEEEING.
 32990 | Snake:4  | 32990 ||| FLEEEEING.
 32991 | Snake:4  | 32991 ||| FLEEEEING.
 33004 | Snake:4  | 33004 ||| FLEEEEING.
 33005 | Snake:4  | 33005 ||| FLEEEEING.
 33006 | Snake:4  | 33006 ||| FLEEEEING.
 33007 | Snake:4  | 33007 ||| FLEEEEING.
 33008 | Snake:4  | 33008 ||| FLEEEEING.
 33018 | Snake:4  | 33018 ||| INVOKING Berserk.
 33030 | Snake:4  | 33030 ||| INVOKING Brothers in Arms.
 33049 | Snake:4  | 33049 ||| FLEEEEING.
 33072 | Snake:4  | 33072 ||| INVOKING Berserk.
 33092 | Snake:4  | 33092 ||| Stepping ~*~*~tactically~*~*~ (hiding).
 33102 | Snake:4  | 33102 ||| Stepping ~*~*~tactically~*~*~ (hiding).
 33107 | Snake:4  | 33107 ||| Stepping ~*~*~tactically~*~*~ (hiding).
 33108 | Snake:4  | 33108 ||| Stepping ~*~*~tactically~*~*~ (hiding).
 33109 | Snake:4  | 33109 ||| Stepping ~*~*~tactically~*~*~ (hiding).
 33110 | Snake:4  | 33110 ||| Stepping ~*~*~tactically~*~*~ (hiding).
 33111 | Snake:4  | 33111 ||| Stepping ~*~*~tactically~*~*~ (hiding).
 33116 | Snake:4  | Killed Vashnia
 33253 | Snake:4  | 33253 ||| INVOKING Berserk.
 33353 | Snake:4  | Identified the +3 ring mail of Uskayaw's Reproof {Drain
                  | rN++ Will+}
 33397 | Snake:4  | Reached XP level 18. HP: 175/176 MP: 0/17
 33442 | Snake:4  | 33442 ||| DROPPING +1 hand axe of flaming.
 33492 | Snake:4  | Got a serpentine rune of Zot
 33493 | Snake:4  | 33493 ||| DROPPING +2 chain mail of cold resistance.
 33494 | Snake:4  | 33494 ||| PLANNING VAULTS:1-4
 33494 | Snake:4  | 33494 ||| DRINKING 2 puce potions.
 33495 | Snake:4  | 33495 ||| DROPPING potion of magic.
 33772 | Vaults:1 | Entered Level 1 of the Vaults
 33912 | Vaults:1 | 33912 ||| Stepping ~*~*~tactically~*~*~ (hiding).
 33916 | Vaults:1 | You fall into a shaft and drop 1 floor!
 34018 | Vaults:2 | 34018 ||| Stepping ~*~*~tactically~*~*~ (hiding).
 34022 | Vaults:2 | 34022 ||| INVOKING Trog's Hand.
 34055 | Vaults:2 | 34055 ||| Stepping ~*~*~tactically~*~*~ (stealth).
 34066 | Vaults:2 | 34066 ||| Stepping ~*~*~tactically~*~*~ (hiding).
 34088 | Vaults:2 | 34088 ||| Stepping ~*~*~tactically~*~*~ (hiding).
 34089 | Vaults:2 | 34089 ||| Stepping ~*~*~tactically~*~*~ (hiding).
 34091 | Vaults:2 | 34091 ||| Stepping ~*~*~tactically~*~*~ (hiding).
 34171 | Vaults:2 | 34171 ||| Stepping ~*~*~tactically~*~*~ (stealth).
 34174 | Vaults:2 | 34174 ||| INVOKING Brothers in Arms.
 34176 | Vaults:2 | 34176 ||| INVOKING Berserk.
 34298 | Vaults:2 | 34298 ||| Stepping ~*~*~tactically~*~*~ (stealth).
 34303 | Vaults:2 | 34303 ||| STAIRDANCE
 34325 | Vaults:1 | 34325 ||| INVOKING Brothers in Arms.
 34326 | Vaults:1 | 34326 ||| INVOKING Berserk.
 34412 | Vaults:1 | 34412 ||| Stepping ~*~*~tactically~*~*~ (stealth).
 34422 | Vaults:1 | 34422 ||| Stepping ~*~*~tactically~*~*~ (stealth).
 34529 | Vaults:1 | 34529 ||| INVOKING Trog's Hand.
 34536 | Vaults:1 | 34536 ||| INVOKING Brothers in Arms.
 34539 | Vaults:1 | 34539 ||| INVOKING Berserk.
 34686 | Vaults:1 | 34686 ||| INVOKING Trog's Hand.
 34826 | Vaults:1 | 34826 ||| Stepping ~*~*~tactically~*~*~ (stealth).
 34834 | Vaults:1 | Reached skill level 12 in Dodging
 35041 | Vaults:1 | 35041 ||| Stepping ~*~*~tactically~*~*~ (hiding).
 35043 | Vaults:1 | 35043 ||| Stepping ~*~*~tactically~*~*~ (hiding).
 35259 | Vaults:1 | 35259 ||| Stepping ~*~*~tactically~*~*~ (stealth).
 35261 | Vaults:1 | 35261 ||| DROPPING +2 chain mail of willpower.
 35434 | Vaults:1 | Identified the +1 pair of gloves "Miyd" {rC+ Str+4}
 35485 | Vaults:1 | 35485 ||| UPGRADING to +1 pair of gloves "Miyd" {rC+
                  | Str+4}.
 35495 | Vaults:1 | 35495 ||| DROPPING +2 pair of gloves.
 35503 | Vaults:2 | 35503 ||| INVOKING Trog's Hand.
 35549 | Vaults:2 | 35549 ||| FLEEEEING.
 35550 | Vaults:2 | 35550 ||| FLEEEEING.
 35551 | Vaults:2 | 35551 ||| FLEEEEING.
 35553 | Vaults:2 | 35553 ||| FLEEEEING.
 35554 | Vaults:2 | 35554 ||| FLEEEEING.
 35559 | Vaults:2 | 35559 ||| FLEEEEING.
 35561 | Vaults:2 | 35561 ||| FLEEEEING.
 35562 | Vaults:2 | 35562 ||| FLEEEEING.
 35563 | Vaults:2 | 35563 ||| FLEEEEING.
 35564 | Vaults:2 | 35564 ||| FLEEEEING.
 35565 | Vaults:2 | 35565 ||| FLEEEEING.
 35566 | Vaults:2 | 35566 ||| STAIRDANCE
 35637 | Vaults:2 | 35637 ||| Stepping ~*~*~tactically~*~*~ (hiding).
 35638 | Vaults:2 | 35638 ||| Stepping ~*~*~tactically~*~*~ (hiding).
 35639 | Vaults:2 | 35639 ||| Stepping ~*~*~tactically~*~*~ (hiding).
 35640 | Vaults:2 | 35640 ||| INVOKING Trog's Hand.
 35865 | Vaults:2 | Found a staircase to the Crypt.
 35874 | Vaults:2 | 35874 ||| READING scroll of enchant armour.
 35874 | Vaults:2 | 35874 ||| ENCHANTING +3 plate armour of poison resistance.
 35897 | Vaults:2 | 35897 ||| INVOKING Trog's Hand.
 35936 | Vaults:2 | 35936 ||| Stepping ~*~*~tactically~*~*~ (stealth).
 35949 | Vaults:2 | Reached skill level 20 in Fighting
 35994 | Vaults:2 | 35994 ||| Stepping ~*~*~tactically~*~*~ (hiding).
 36207 | Vaults:2 | Received a gift from Trog
 36685 | Vaults:2 | Reached XP level 19. HP: 185/185 MP: 18/18
 36702 | Vaults:2 | 36702 ||| Stepping ~*~*~tactically~*~*~ (stealth).
 36939 | Vaults:2 | Found Ted Raibe's Jewellery Shop.
 36949 | Vaults:2 | 36949 ||| BUYING amulet of reflection (420 gold).
 36949 | Vaults:2 | Bought an amulet of reflection for 420 gold pieces
 36949 | Vaults:2 | 36949 ||| BUYING ring "Bapeshri" {rC+ Will+ rCorr Dex+2}
                  | (683 gold).
 36949 | Vaults:2 | Bought the ring "Bapeshri" {rC+ Will+ rCorr Dex+2} for 683
                  | gold pieces
 36949 | Vaults:2 | 36949 ||| SHOPLISTING ring of fire (350 gold, have 265).
 36949 | Vaults:2 | 36949 ||| SHOPLISTING ring of protection from fire (350
                  | gold, have 265).
 37033 | Vaults:2 | 37033 ||| Stepping ~*~*~tactically~*~*~ (stealth).
 37035 | Vaults:2 | 37035 ||| Stepping ~*~*~tactically~*~*~ (hiding).
 37162 | Vaults:2 | 37162 ||| INVOKING Brothers in Arms.
 37169 | Vaults:2 | 37169 ||| INVOKING Berserk.
 37281 | Vaults:2 | 37281 ||| DROPPING amulet of regeneration.
 37282 | Vaults:2 | 37282 ||| UPGRADING to ring "Bapeshri" {rC+ Will+ rCorr
                  | Dex+2}.
 37301 | Vaults:3 | 37301 ||| READING 3 scrolls of teleportation.
 37304 | Vaults:3 | Found Osywk's Antique Armour Emporium.
 37313 | Vaults:3 | 37313 ||| INVOKING Trog's Hand.
 37456 | Vaults:3 | 37456 ||| Stepping ~*~*~tactically~*~*~ (hiding).
 37702 | Vaults:3 | 37702 ||| INVOKING Brothers in Arms.
 37703 | Vaults:3 | 37703 ||| INVOKING Berserk.
 37723 | Vaults:3 | 37723 ||| INVOKING Trog's Hand.
 37894 | Vaults:3 | 37894 ||| INVOKING Trog's Hand.
 37957 | Vaults:3 | 37957 ||| INVOKING Trog's Hand.
 37982 | Vaults:3 | 37982 ||| INVOKING Trog's Hand.
 37997 | Vaults:3 | Reached skill level 21 in Shields
 38114 | Vaults:3 | 38114 ||| Stepping ~*~*~tactically~*~*~ (stealth).
 38115 | Vaults:3 | 38115 ||| Stepping ~*~*~tactically~*~*~ (stealth).
 38128 | Vaults:3 | Received a gift from Trog
 38156 | Vaults:3 | 38156 ||| DROPPING +5 broad axe.
 38349 | Vaults:3 | 38349 ||| Stepping ~*~*~tactically~*~*~ (stealth).
 38419 | Vaults:3 | 38419 ||| Stepping ~*~*~tactically~*~*~ (stealth).
 38421 | Vaults:3 | 38421 ||| Stepping ~*~*~tactically~*~*~ (stealth).
 38521 | Vaults:3 | 38521 ||| Stepping ~*~*~tactically~*~*~ (stealth).
 38859 | Vaults:4 | 38859 ||| PLANNING DESOLATION
 38868 | Vaults:4 | Found Puocis's Weapon Boutique.
 38926 | Vaults:4 | 38926 ||| INVOKING Trog's Hand.
 39074 | Vaults:4 | 39074 ||| Stepping ~*~*~tactically~*~*~ (hiding).
 39075 | Vaults:4 | 39075 ||| Stepping ~*~*~tactically~*~*~ (hiding).
 39088 | Vaults:4 | Reached skill level 21 in Fighting
 39110 | Vaults:4 | 39110 ||| Stepping ~*~*~tactically~*~*~ (hiding).
 39317 | Vaults:4 | Found a crumbling gateway.
 39326 | Desolati | Entered the Desolation of Salt
 39355 | Desolati | Received a gift from Trog
 39405 | Desolati | Reached skill level 15 in Dodging
 39551 | Desolati | 39551 ||| Stepping ~*~*~tactically~*~*~ (hiding).
 39553 | Desolati | 39553 ||| Stepping ~*~*~tactically~*~*~ (stealth).
 39559 | Desolati | 39559 ||| Stepping ~*~*~tactically~*~*~ (hiding).
 39740 | Desolati | Identified the +4 dire flail "Lyutonus" {vamp, Int+5}
 39744 | Desolati | Identified the +3 trident of Enkets {venom, Will+}
 39860 | Desolati | Identified the +1 helmet of Uskayaw's Hope {rPois Will-
                  | Int+5}
 39862 | Desolati | Identified the ring of Neerphee {rF+ Str+6 Dex+2}
 39864 | Desolati | Identified the +5 fire dragon scales of Duty {rF++ rC-
                  | Will- Regen+ Str+2}
 39867 | Desolati | Identified the +4 sling of Invincibility {venom, Str+5
                  | Int+3}
 39878 | Desolati | Identified the amulet "Udeivul" {RegenMP Will+}
 40009 | Desolati | 40009 ||| Stepping ~*~*~tactically~*~*~ (hiding).
 40011 | Desolati | 40011 ||| INVOKING Brothers in Arms.
 40012 | Desolati | 40012 ||| INVOKING Berserk.
 40142 | Desolati | Identified the +4 quarterstaff of Ykhlautamp {venom, *Rage
                  | rElec Dex+5 SInv}
 40147 | Desolati | Identified the +3 dagger "Beastslayer" {venom, *Slow rF++}
 40150 | Desolati | 40150 ||| Stepping ~*~*~tactically~*~*~ (hiding).
 40225 | Desolati | Reached XP level 20. HP: 195/198 MP: 19/19
 40548 | Desolati | 40548 ||| Stepping ~*~*~tactically~*~*~ (hiding).
 40549 | Desolati | 40549 ||| Stepping ~*~*~tactically~*~*~ (hiding).
 40567 | Desolati | 40567 ||| DROPPING amulet "Udeivul" {RegenMP Will+}.
 40568 | Desolati | 40568 ||| UPGRADING to ring of Neerphee {rF+ Str+6 Dex+2}.
 40570 | Desolati | 40570 ||| DROPPING +4 ring of slaying {mikee}.
 40644 | Vaults:4 | 40644 ||| PLANNING VAULTS:1-4
 40699 | Vaults:4 | 40699 ||| INVOKING Trog's Hand.
 40700 | Vaults:4 | 40700 ||| Stepping ~*~*~tactically~*~*~ (hiding).
 40739 | Vaults:4 | 40739 ||| Stepping ~*~*~tactically~*~*~ (hiding).
 40743 | Vaults:4 | 40743 ||| INVOKING Trog's Hand.
 40869 | Vaults:4 | Received a gift from Trog
 41035 | Vaults:4 | 41035 ||| Stepping ~*~*~tactically~*~*~ (stealth).
 41038 | Vaults:4 | 41038 ||| Stepping ~*~*~tactically~*~*~ (stealth).
 41053 | Vaults:4 | 41053 ||| Stepping ~*~*~tactically~*~*~ (stealth).
 41092 | Vaults:4 | 41092 ||| Stepping ~*~*~tactically~*~*~ (stealth).
 41094 | Vaults:4 | 41094 ||| INVOKING Trog's Hand.
 41194 | Vaults:4 | 41194 ||| Stepping ~*~*~tactically~*~*~ (stealth).
 41195 | Vaults:4 | 41195 ||| Stepping ~*~*~tactically~*~*~ (stealth).
 41197 | Vaults:4 | 41197 ||| Stepping ~*~*~tactically~*~*~ (hiding).
 41268 | Vaults:4 | 41268 ||| READING scroll of enchant armour.
 41268 | Vaults:4 | 41268 ||| ENCHANTING +4 plate armour of poison resistance.
 41400 | Vaults:4 | 41400 ||| DROPPING +3 plate armour of willpower.
 41419 | Vaults:3 | 41419 ||| READING 2 scrolls of teleportation.
 41420 | Vaults:3 | 41420 ||| PLANNING SWAMP:4
 41720 | Swamp:4  | Entered Level 4 of the Swamp
 41751 | Swamp:4  | 41751 ||| Stepping ~*~*~tactically~*~*~ (hiding).
 41828 | Swamp:4  | Identified Roxanne's Omnibus of Variation
 41828 | Swamp:4  | Noticed Roxanne
 41855 | Swamp:4  | Killed Roxanne
 41895 | Swamp:4  | Reached skill level 22 in Fighting
 41998 | Swamp:4  | 41998 ||| Stepping ~*~*~tactically~*~*~ (cloud).
 42009 | Swamp:4  | 42009 ||| Stepping ~*~*~tactically~*~*~ (cloud).
 42010 | Swamp:4  | Noticed Kirke
 42011 | Swamp:4  | 42011 ||| INVOKING Trog's Hand.
 42031 | Swamp:4  | Killed Kirke
 42161 | Swamp:4  | 42161 ||| INVOKING Brothers in Arms.
 42164 | Swamp:4  | 42164 ||| INVOKING Brothers in Arms.
 42165 | Swamp:4  | 42165 ||| INVOKING Berserk.
 42184 | Swamp:4  | 42184 ||| FLEEEEING.
 42185 | Swamp:4  | 42185 ||| FLEEEEING.
 42191 | Swamp:4  | 42191 ||| FLEEEEING.
 42192 | Swamp:4  | 42192 ||| FLEEEEING.
 42201 | Swamp:4  | 42201 ||| STAIRDANCE
 42365 | Swamp:4  | 42365 ||| Stepping ~*~*~tactically~*~*~ (stealth).
 42369 | Swamp:4  | Received a gift from Trog
 42371 | Swamp:4  | 42371 ||| DROPPING +3 vorpal broad axe.
 42610 | Swamp:4  | 42610 ||| READING 2 scrolls of teleportation.
 42611 | Swamp:4  | 42611 ||| PLANNING SWAMP:1-3
 42634 | Swamp:3  | 42634 ||| READING scroll of teleportation.
 42635 | Swamp:3  | 42635 ||| PLANNING SWAMP:4
 42726 | Swamp:4  | 42726 ||| PLANNING SWAMP:1-3
 42751 | Swamp:3  | 42751 ||| Stepping randomly (stuck).
 42752 | Swamp:3  | 42752 ||| PLANNING SWAMP:4
 42755 | Swamp:4  | 42755 ||| Stepping randomly (stuck).
 42782 | Swamp:4  | 42782 ||| Stepping ~*~*~tactically~*~*~ (stealth).
 42839 | Swamp:4  | 42839 ||| PLANNING SWAMP:1-3
 42932 | Swamp:3  | 42932 ||| Stepping randomly (stuck).
 42933 | Swamp:3  | 42933 ||| PLANNING SWAMP:4
 42936 | Swamp:4  | 42936 ||| Stepping randomly (stuck).
 42981 | Swamp:4  | 42981 ||| PLANNING SWAMP:1-3
 42981 | Swamp:4  | 42981 ||| Stepping ~*~*~tactically~*~*~ (cloud).
 43058 | Swamp:3  | 43058 ||| Stepping randomly (stuck).
 43059 | Swamp:3  | 43059 ||| PLANNING SWAMP:4
 43062 | Swamp:4  | 43062 ||| Stepping randomly (stuck).
 43081 | Swamp:4  | 43081 ||| PLANNING SWAMP:1-3
 43100 | Swamp:3  | 43100 ||| Stepping randomly (stuck).
 43101 | Swamp:3  | 43101 ||| PLANNING SWAMP:4
 43124 | Swamp:4  | 43124 ||| PLANNING SWAMP:1-3
 43146 | Swamp:3  | 43146 ||| Stepping randomly (stuck).
 43147 | Swamp:3  | 43147 ||| PLANNING SWAMP:4
 43150 | Swamp:4  | 43150 ||| Stepping randomly (stuck).
 43198 | Swamp:4  | 43198 ||| PLANNING SWAMP:1-3
 43199 | Swamp:4  | 43199 ||| Stepping ~*~*~tactically~*~*~ (cloud).
 43200 | Swamp:4  | 43200 ||| Stepping ~*~*~tactically~*~*~ (cloud).
 43209 | Swamp:4  | Got a decaying rune of Zot
 43215 | Swamp:4  | 43215 ||| Stepping randomly (stuck).
 43217 | Swamp:4  | 43217 ||| Stepping randomly (stuck).
 43244 | Swamp:4  | 43244 ||| Stepping ~*~*~tactically~*~*~ (cloud).
 43255 | Swamp:4  | 43255 ||| Stepping ~*~*~tactically~*~*~ (cloud).
 43289 | Swamp:3  | 43289 ||| Stepping randomly (stuck).
 43290 | Swamp:3  | 43290 ||| PLANNING DEPTHS
 43480 | Depths:1 | Entered Level 1 of the Depths
 43529 | Depths:1 | 43529 ||| Stepping ~*~*~tactically~*~*~ (stealth).
 43530 | Depths:1 | 43530 ||| Stepping ~*~*~tactically~*~*~ (stealth).
 43559 | Depths:1 | 43559 ||| Stepping ~*~*~tactically~*~*~ (stealth).
 43579 | Depths:1 | 43579 ||| Stepping ~*~*~tactically~*~*~ (hiding).
 43580 | Depths:1 | 43580 ||| Stepping ~*~*~tactically~*~*~ (hiding).
 43592 | Depths:1 | 43592 ||| Stepping ~*~*~tactically~*~*~ (hiding).
 43596 | Depths:1 | 43596 ||| INVOKING Trog's Hand.
 43659 | Depths:1 | 43659 ||| Stepping ~*~*~tactically~*~*~ (hiding).
 43664 | Depths:1 | 43664 ||| INVOKING Trog's Hand.
 43693 | Depths:1 | 43693 ||| INVOKING Berserk.
 43725 | Depths:1 | 43725 ||| Stepping ~*~*~tactically~*~*~ (hiding).
 43726 | Depths:1 | 43726 ||| INVOKING Brothers in Arms.
 43850 | Depths:1 | 43850 ||| INVOKING Brothers in Arms.
 43850 | Depths:1 | Noticed a golden dragon
 43851 | Depths:1 | 43851 ||| Stepping ~*~*~tactically~*~*~ (hiding).
 43852 | Depths:1 | 43852 ||| INVOKING Brothers in Arms.
 43853 | Depths:1 | 43853 ||| INVOKING Brothers in Arms.
 43854 | Depths:1 | 43854 ||| INVOKING Berserk.
 43861 | Depths:1 | Killed a golden dragon
 43897 | Depths:1 | Noticed Mara
 43898 | Depths:1 | 43898 ||| INVOKING Brothers in Arms.
 43903 | Depths:1 | Noticed qw's illusion
 43907 | Depths:1 | Killed Mara
 43953 | Depths:1 | 43953 ||| Stepping ~*~*~tactically~*~*~ (stealth).
 43962 | Depths:1 | Identified the +2 pair of gloves of the Devil's Advocate
                  | {+Inv rPois Int-5 Slay+2}
 43990 | Depths:1 | 43990 ||| DROPPING ring of poison resistance.
 43991 | Depths:1 | 43991 ||| READING scroll of teleportation.
 43999 | Depths:1 | 43999 ||| Stepping ~*~*~tactically~*~*~ (hiding).
 44009 | Depths:1 | 44009 ||| INVOKING Berserk.
 44025 | Depths:1 | Reached skill level 23 in Fighting
 44134 | Depths:1 | Noticed a golden dragon
 44135 | Depths:1 | 44135 ||| Stepping ~*~*~tactically~*~*~ (hiding).
 44136 | Depths:1 | 44136 ||| INVOKING Berserk.
 44147 | Depths:1 | Killed a golden dragon
 44159 | Depths:1 | 44159 ||| Stepping ~*~*~tactically~*~*~ (stealth).
 44175 | Depths:1 | Reached XP level 21. HP: 197/211 MP: 16/20
 44186 | Depths:1 | 44186 ||| INVOKING Trog's Hand.
 44226 | Depths:1 | 44226 ||| Stepping ~*~*~tactically~*~*~ (stealth).
 44226 | Depths:1 | Noticed a juggernaut
 44231 | Depths:1 | 44231 ||| INVOKING Berserk.
 44246 | Depths:1 | Killed a juggernaut
 44342 | Depths:1 | Identified the +8 battleaxe of Exquisite Torment {drain,
                  | rN+ Str+3 Dex+3}
 44386 | Depths:1 | 44386 ||| READING scroll of teleportation.
 44428 | Depths:1 | 44428 ||| READING scroll of teleportation.
 44430 | Depths:1 | Noticed Saint Roka
 44432 | Depths:1 | 44432 ||| Stepping ~*~*~tactically~*~*~ (hiding).
 44532 | Depths:1 | 44532 ||| Stepping ~*~*~tactically~*~*~ (stealth).
 44534 | Depths:1 | 44534 ||| Stepping ~*~*~tactically~*~*~ (hiding).
 44535 | Depths:1 | 44535 ||| Stepping ~*~*~tactically~*~*~ (hiding).
 44536 | Depths:1 | 44536 ||| Stepping ~*~*~tactically~*~*~ (hiding).
 44557 | Depths:1 | 44557 ||| Stepping ~*~*~tactically~*~*~ (hiding).
 44568 | Depths:1 | Killed Saint Roka
 44597 | Depths:1 | 44597 ||| Stepping ~*~*~tactically~*~*~ (hiding).
 44605 | Depths:1 | 44605 ||| Stepping ~*~*~tactically~*~*~ (stealth).
 44724 | Depths:1 | 44724 ||| INVOKING Berserk.
 44730 | Depths:1 | Received a gift from Trog
 44882 | Depths:1 | 44882 ||| INVOKING Trog's Hand.
 45017 | Depths:1 | 45017 ||| Stepping ~*~*~tactically~*~*~ (stealth).
 45019 | Depths:1 | 45019 ||| Stepping ~*~*~tactically~*~*~ (stealth).
 45023 | Depths:1 | 45023 ||| Stepping ~*~*~tactically~*~*~ (stealth).
 45025 | Depths:1 | 45025 ||| INVOKING Brothers in Arms.
 45026 | Depths:1 | 45026 ||| INVOKING Berserk.
 45029 | Depths:1 | Reached skill level 18 in Dodging
 45096 | Depths:1 | 45096 ||| Stepping ~*~*~tactically~*~*~ (stealth).
 45098 | Depths:1 | 45098 ||| Stepping ~*~*~tactically~*~*~ (stealth).
 45108 | Depths:1 | 45108 ||| Stepping ~*~*~tactically~*~*~ (stealth).
 45109 | Depths:1 | 45109 ||| Stepping ~*~*~tactically~*~*~ (stealth).
 45122 | Depths:1 | 45122 ||| Stepping ~*~*~tactically~*~*~ (hiding).
 45233 | Depths:1 | 45233 ||| Stepping ~*~*~tactically~*~*~ (stealth).
 45304 | Depths:1 | 45304 ||| Stepping ~*~*~tactically~*~*~ (stealth).
 45305 | Depths:1 | 45305 ||| Stepping ~*~*~tactically~*~*~ (stealth).
 45328 | Depths:1 | 45328 ||| Stepping ~*~*~tactically~*~*~ (stealth).
 45348 | Depths:1 | Found a one-way gate leading to the halls of Pandemonium.
 45354 | Depths:1 | 45354 ||| Stepping ~*~*~tactically~*~*~ (hiding).
 45375 | Depths:1 | 45375 ||| Stepping ~*~*~tactically~*~*~ (hiding).
 45408 | Depths:1 | Found a gateway to Hell.
 45549 | Depths:1 | Found a shimmering blue altar of Sif Muna.
 45595 | Depths:1 | Found a one-way gate to the infinite horrors of the Abyss.
 45790 | Depths:2 | 45790 ||| INVOKING Berserk.
 46178 | Depths:2 | Noticed a juggernaut
 46180 | Depths:2 | 46180 ||| INVOKING Berserk.
 46191 | Depths:2 | Killed a juggernaut
 46192 | Depths:2 | Reached skill level 21 in Armour
 46326 | Depths:2 | 46326 ||| INVOKING Berserk.
 46548 | Depths:2 | 46548 ||| INVOKING Berserk.
 46680 | Depths:2 | 46680 ||| INVOKING Berserk.
 46997 | Depths:2 | 46997 ||| INVOKING Berserk.
 47118 | Depths:2 | Found a one-way gateway to a ziggurat.
 47335 | Depths:2 | 47335 ||| INVOKING Berserk.
 47494 | Depths:2 | 47494 ||| INVOKING Trog's Hand.
 47502 | Depths:2 | Identified the ring "Opisua" {Will++ EV+4}
 47553 | Depths:2 | 47553 ||| INVOKING Trog's Hand.
 47554 | Depths:2 | 47554 ||| INVOKING Berserk.
 47666 | Depths:2 | 47666 ||| INVOKING Berserk.
 47670 | Depths:2 | Reached skill level 24 in Fighting
 47782 | Depths:2 | 47782 ||| INVOKING Trog's Hand.
 47855 | Depths:2 | 47855 ||| DROPPING +6 ring of intelligence.
 47856 | Depths:2 | 47856 ||| UPGRADING to ring "Opisua" {Will++ EV+4}.
 47858 | Depths:2 | 47858 ||| DROPPING +4 ring of slaying {mikee}.
 47968 | Depths:3 | 47968 ||| Stepping ~*~*~tactically~*~*~ (hiding).
 48230 | Depths:3 | 48230 ||| Stepping ~*~*~tactically~*~*~ (hiding).
 48274 | Depths:3 | 48274 ||| Stepping ~*~*~tactically~*~*~ (hiding).
 48275 | Depths:3 | 48275 ||| Stepping ~*~*~tactically~*~*~ (hiding).
 48276 | Depths:3 | 48276 ||| Stepping ~*~*~tactically~*~*~ (hiding).
 48277 | Depths:3 | 48277 ||| Stepping ~*~*~tactically~*~*~ (hiding).
 48331 | Depths:3 | 48331 ||| Stepping ~*~*~tactically~*~*~ (hiding).
 48336 | Depths:3 | 48336 ||| INVOKING Berserk.
 48459 | Depths:3 | 48459 ||| INVOKING Brothers in Arms.
 48460 | Depths:3 | 48460 ||| INVOKING Brothers in Arms.
 48511 | Depths:3 | 48511 ||| Stepping ~*~*~tactically~*~*~ (stealth).
 48624 | Depths:3 | 48624 ||| INVOKING Brothers in Arms.
 48626 | Depths:3 | 48626 ||| INVOKING Brothers in Arms.
 48627 | Depths:3 | 48627 ||| INVOKING Berserk.
 49059 | Depths:4 | Entered Level 4 of the Depths
 49063 | Depths:4 | 49063 ||| Stepping ~*~*~tactically~*~*~ (hiding).
 49074 | Depths:4 | Reached XP level 22. HP: 222/224 MP: 18/21
 49128 | Depths:4 | 49128 ||| Stepping ~*~*~tactically~*~*~ (hiding).
 49129 | Depths:4 | 49129 ||| Stepping ~*~*~tactically~*~*~ (hiding).
 49130 | Depths:4 | 49130 ||| Stepping ~*~*~tactically~*~*~ (hiding).
 49143 | Depths:4 | 49143 ||| INVOKING Berserk.
 49282 | Depths:4 | 49282 ||| INVOKING Berserk.
 49499 | Depths:4 | 49499 ||| Stepping ~*~*~tactically~*~*~ (hiding).
 49501 | Depths:4 | 49501 ||| Stepping ~*~*~tactically~*~*~ (hiding).
 49512 | Depths:4 | 49512 ||| INVOKING Trog's Hand.
 49513 | Depths:4 | 49513 ||| INVOKING Berserk.
 49532 | Depths:4 | 49532 ||| Stepping ~*~*~tactically~*~*~ (stealth).
 49541 | Depths:4 | 49541 ||| Stepping ~*~*~tactically~*~*~ (hiding).
 49542 | Depths:4 | 49542 ||| Stepping ~*~*~tactically~*~*~ (hiding).
 49543 | Depths:4 | 49543 ||| Stepping ~*~*~tactically~*~*~ (hiding).
 49550 | Depths:4 | Identified the +11 hand axe "Zent" {vorpal, rElec}
 49592 | Depths:4 | Reached skill level 12 in Throwing
 49787 | Depths:4 | 49787 ||| READING scroll of enchant weapon.
 49787 | Depths:4 | 49787 ||| ENCHANTING +0 vampiric war axe.
 49818 | Depths:4 | Found a gate to the Realm of Zot.
 49818 | Depths:4 | Noticed a golden dragon
 49818 | Depths:4 | Noticed a golden dragon
 49819 | Depths:4 | 49819 ||| INVOKING Brothers in Arms.
 49820 | Depths:4 | 49820 ||| INVOKING Berserk.
 49823 | Depths:4 | Killed a golden dragon
 49831 | Depths:4 | Killed a golden dragon
 50135 | Depths:4 | 50135 ||| Stepping ~*~*~tactically~*~*~ (hiding).
 50145 | Depths:4 | Reached skill level 25 in Fighting
 50278 | Depths:4 | 50278 ||| INVOKING Berserk.
 50514 | Depths:4 | 50514 ||| READING scroll of teleportation.
 50515 | Depths:4 | 50515 ||| PLANNING VAULTS:5
 50865 | Vaults:5 | Entered Level 5 of the Vaults
 50866 | Vaults:5 | 50866 ||| STAIRDANCE
 50935 | Vaults:5 | 50935 ||| STAIRDANCE
 50973 | Vaults:5 | 50973 ||| STAIRDANCE
 51007 | Vaults:5 | Noticed an ancient lich
 51007 | Vaults:5 | Noticed a dread lich
 51008 | Vaults:5 | 51008 ||| STAIRDANCE
 51027 | Vaults:4 | Received a gift from Trog
 51047 | Vaults:4 | 51047 ||| DROPPING +2 broad axe of flaming.
 51058 | Vaults:5 | 51058 ||| STAIRDANCE
 51093 | Vaults:4 | 51093 ||| INVOKING Brothers in Arms.
 51094 | Vaults:4 | 51094 ||| INVOKING Berserk.
 51100 | Vaults:4 | Killed a dread lich
 51376 | Vaults:5 | 51376 ||| INVOKING Trog's Hand.
 51377 | Vaults:5 | 51377 ||| INVOKING Brothers in Arms.
 51402 | Vaults:5 | Killed an ancient lich
 51418 | Vaults:5 | 51418 ||| FLEEEEING.
 51419 | Vaults:5 | 51419 ||| STAIRDANCE
 51479 | Vaults:5 | 51479 ||| INVOKING Berserk.
 51493 | Vaults:5 | 51493 ||| INVOKING Trog's Hand.
 51500 | Vaults:5 | 51500 ||| INVOKING Trog's Hand.
 51512 | Vaults:5 | 51512 ||| INVOKING Trog's Hand.
 51525 | Vaults:5 | 51525 ||| INVOKING Trog's Hand.
 51525 | Vaults:5 | HP: 47/226 [stone giant (28)]
 51526 | Vaults:5 | 51526 ||| DRINKING 6 potions of heal wounds.
 51527 | Vaults:5 | 51527 ||| DRINKING 5 potions of heal wounds.
 51537 | Vaults:5 | HP: 47/226 [vault warden/+3 war axe (16)]
 51538 | Vaults:5 | 51538 ||| DRINKING 4 potions of heal wounds.
 51539 | Vaults:5 | 51539 ||| DRINKING 3 potions of heal wounds.
 51539 | Vaults:5 | HP: 20/223 [shadow dragon/bolt of negative energy (8)]
 51539 | Vaults:5 | Killed from afar by a deep elf high priest

Levels and vault maps discovered:
D:1:      nzn_arrival_crosshair, layout_loops_ring,
          dreamdust_ecumenical_altar_angels_and_demons, minmay_misc_feat_rugged,
          minmay_pentomino_r4
D:2:      layout_basic, st_stairs_14
D:3:      layout_loops_ring, gammafunk_temple_overflow_forgotten,
          gup_sewer_entry_glass, serial_shops, nicolae_shop_overgrown_old_shop,
          uniq_terence
D:4:      layout_cave_pools, mainiacjoe_overflow_alcove_1,
          grunt_temple_overflow_open, old_standard_altar, serial_undead,
          serial_undead_e, serial_undead_b, serial_undead_e, serial_undead_b,
          serial_undead_b, serial_undead_e, serial_undead_d, serial_undead_d,
          serial_shops, shop, cheibrodos_gnoll_hut
D:5:      layout_gridville, nicolae_wu_jian_wuxing_cycle, columned_hall_lemuel,
          minmay_circle_x
D:6:      layout_basic, temple_doors_cd, enter_ossuary_5, nicolae_grassy_gnolls,
          uniq_pikel
D:7:      layout_basic
D:8:      layout_basic, nicolae_overflow_squiral
D:9:      layout_loops_corners, nicolae_dithmenos_shadow_blocks,
          david_orc_1_choice, uniq_psyche
D:10:     layout_rooms, uniq_urug, uniq_maggie
D:11:     layout_basic, lair_entry_dummy, special_room [special_room_orc],
          hangedman_tell_no_tales, uniq_josephine
D:12:     layout_loops_ring, minmay_misc_feat_alley
D:13:     layout_stronghold, okawaru_ov_weapons_minmay
D:14:     layout_basic, david_vaults_1, amethyst_killhole, enter_trove_0,
          nicolae_shop_vocational
D:15:     grunt_enter_depths_magical_seal, layout_rooms, serial_corexii_hall,
          chequers_hall_statues_y, corexii_hall_statues_i, serial_shops,
          nicolae_shop_window_shopping
Lair:1:   layout_cave_pods
Lair:2:   layout_loops_ring, skrybe_swamp_entry_bodies, dummy_snake_entry,
          st_stairs_7, lemuel_fruit_fields, grunt_megastairs_1,
          infiniplex_staircase_pool, uniq_amaemon
Lair:3:   layout_cave_pods, gauntlet_entry_generic, uniq_fannar, uniq_snorg
Lair:4:   layout_small_grid, slime_entry_1
Lair:5:   minmay_lair_end_enchanted_forest, layout_cellular_growth,
          gammafunk_ghost_arena
Swamp:1:  layout_basic_swamp, evilmike_swamp_ruin_rubble_2, swamp_pool1,
          uniq_mlioglotl
Swamp:2:  layout_falls_marsh, gammafunk_ghost_arena, evilmike_swamp_ruin_house_5
Swamp:3:  layout_basic_swamp, hangedman_swamp_ruin_hall
Swamp:4:  swamp_icy, layout_basic_swamp, uniq_roxanne, uniq_kirke
Snake:1:  layout_rooms, hellmonk_ghost_happy_afterlife, uniq_aizul
Snake:2:  layout_gridlike, serial_shops, shop
Snake:3:  layout_rooms, serial_corexii_hall, corexii_hall_statues_u,
          chequers_hall_statues_corner_a, chequers_hall_statues_corner_a,
          chequers_hall_statues_corner_a, special_room, st_stairs_7
Snake:4:  snake_pit_salamanders_mu, layout_onion_interference,
          gammafunk_ghost_wrathful_warriors, serial_shops,
          nicolae_shop_overgrown_old_shop, grunt_ministairs_13, uniq_vashnia,
          uniq_donald
Orc:1:    layout_caves, basic_altar
Orc:2:    st_orc_mages, layout_caves
Vaults:1: vaults_standard_mumra_x, grunt_vaults_twisty,
          vaults_standard_mumra_enter_the_diamond,
          nicolae_vaults_hallways_thing, v_misc_26,
          vaults_room_grunt_arrival_checkpoint, layout_vaults_quadrants
Vaults:2: v_rooms_5, ontoclasm_vaults_spin, v_misc_17, blue_anna_dwarven_crypt,
          v_rooms_3, vaults_room_corners, nicolae_vaults_theta,
          nicolae_vaults_statue_guard, hangedman_vaults_impose,
          grunt_vaults_trifunnel, vaults_mumra_chevron, ontoclasm_vaults_idyll,
          serial_ice_h, layout_vaults_maze_snakey, serial_shops,
          nicolae_lakefront_shop
Vaults:3: vaults_room_large_hall, vaults_room_semicircle, grunt_vaults_swirl,
          v_rooms_4, v_alt_pattern_4, nicolae_vaults_little_squares_5,
          grunt_vaults_bifocal, vaults_dpeg_diagonal,
          layout_vaults_chaotic_city, serial_shops, shop
Vaults:4: portal_desolation_entry_garden, ontoclasm_vaults_fault,
          vaults_room_glass_cross, hangedman_vaults_cutoff,
          nicolae_vaults_little_squares_3, ontoclasm_vaults_decontamination,
          v_misc_25, ontoclasm_vaults_shuriken, ontoclasm_vaults_ring_square,
          nicolae_vaults_specimen_jars, v_misc_19, layout_vaults_big_cross,
          serial_shops, shop
Vaults:5: serial_shops
Depths:1: minmay_four_inscribed_fans, layout_honeycomb, pan_entry,
          grunt_mini_vestibule, abyss_entry, grunt_decor_cap,
          grunt_ministairs_1, led_sif_pool, uniq_mara, uniq_saint_roka
Depths:2: cell_vault, layout_gridville, enter_ziggurat_b, pan_entry, hell_entry,
          minmay_crystal_water
Depths:3: hangedman_elemental_death_ray, layout_cave_pools,
          hangedman_decor_diamond_cutter, hell_entry, abyss_entry,
          infiniplex_staircase_star
Depths:4: grunt_twist_and_shout, layout_long_grid, hangedman_geh_valley,
          rand_demon_pan_entry_9, serial_bayou_shore_b, uniq_josephina

Skill      XL: |  1  2  3  4  5  6  7  8  9 10 11 12 13 14 15 16 17 18 19 20 21 22 |
---------------+-------------------------------------------------------------------+-----
Axes           | 4 5 7 9 10 13 14 16 17 18 19 | 19.0
Fighting       | 4 6 8 9 10 12 14 16 18 19 20 21 23 24 25 | 25.0
Armour         | 3 6 7 8 11 13 15 17 18 20 22 23 | 23.0
Throwing       | 1 4 5 6 7 9 10 12 | 12.0
Shields        | 5 7 8 9 10 11 14 19 20 21 22 | 22.3
Dodging        | 3 5 6 7 8 9 10 13 15 17 18 | 18.0

Action                   |  1- 3 |  4- 6 |  7- 9 | 10-12 | 13-15 | 16-18 | 19-21 | 22-24 || total
-------------------------+-------+-------+-------+-------+-------+-------+-------+-------++-------
Melee: Hand axe          |    92 |    39 |       |       |       |    17 |       |       ||   148
       Headbutt          |    11 |    11 |    31 |    75 |   144 |   276 |   545 |   131 ||  1224
       Punch             |     1 |     1 |     1 |       |       |       |       |       ||     3
       War axe           |       |    69 |   189 |   163 |       |   435 |  1546 |   373 ||  2775
       Broad axe         |       |       |       |   223 |   653 |   484 |       |       ||  1360
       Flail             |       |       |       |    10 |       |       |       |       ||    10
       Demon whip        |       |       |       |       |    13 |       |       |       ||    13
       Whip              |       |       |       |       |     8 |       |       |       ||     8
Throw: Boomerang         |       |       |    38 |    24 |    17 |    30 |   147 |       ||   256
       Javelin           |       |       |       |    42 |   131 |    50 |    61 |    10 ||   294
Invok: Berserk           |     2 |     3 |     7 |    19 |    24 |    26 |    22 |     7 ||   110
       Trog's Hand       |       |       |       |     1 |     5 |     8 |    17 |     6 ||    37
       Brothers in Arms  |       |       |       |     3 |    12 |    10 |    12 |     3 ||    40
  Use: Scroll            |     2 |     5 |     5 |    12 |    17 |     4 |     8 |     2 ||    55
       Potion            |       |     2 |     4 |     5 |     3 |     5 |       |     4 ||    23
 Stab: Distracted        |       |       |       |     1 |     3 |     3 |     2 |       ||     9
       Petrifying        |       |       |       |     2 |       |       |       |       ||     2
Armor: Animal skin       |    11 |       |       |       |       |       |       |       ||    11
       Leather armour    |     9 |       |       |       |       |       |       |       ||     9
       Ring mail         |       |    12 |       |       |       |       |       |       ||    12
       Chain mail        |       |    29 |    37 |       |       |       |       |       ||    66
       Plate armour      |       |       |    33 |   169 |   381 |   489 |   376 |   167 ||  1615
Dodge: Dodged            |    36 |    46 |    55 |    90 |   212 |   322 |   496 |   320 ||  1577
Block: Buckler           |       |       |       |    54 |   212 |    55 |       |       ||   321
       Tower shield      |       |       |       |       |       |   843 |  1321 |   556 ||  2720

Table legend:
 A = Non-vault XP
 B = Vault XP
 C = Vault XP percentage of total XP
 D = Non-vault monster count
 E = Vault monster count
 F = Vault count percentage of total count
                 A         B        C        D         E       F
            +---------+---------+-------+---------+---------+-------
      Total |  460546 |  358393 |  43.8 |    1057 |     618 |  36.9
            +---------+---------+-------+---------+---------+-------
        D:1 |      44 |       8 |  15.4 |      21 |       4 |  16.0
        D:2 |      45 |       2 |   4.3 |      16 |       1 |   5.9
        D:3 |     175 |      69 |  28.3 |      24 |       6 |  20.0
        D:4 |     257 |     487 |  65.5 |      11 |      16 |  59.3
        D:5 |     841 |     119 |  12.4 |      25 |       6 |  19.4
        D:6 |     222 |     823 |  78.8 |       4 |       8 |  66.7
        D:7 |    1838 |       0 |   0.0 |      30 |       0 |   0.0
        D:8 |    2030 |       0 |   0.0 |      34 |       0 |   0.0
        D:9 |    3222 |    1096 |  25.4 |      17 |      10 |  37.0
       D:10 |    1661 |    1231 |  42.6 |      20 |       2 |   9.1
       D:11 |    2521 |    3533 |  58.4 |      12 |      37 |  75.5
       D:12 |    7028 |       0 |   0.0 |      14 |       0 |   0.0
       D:13 |    5756 |       0 |   0.0 |      26 |       0 |   0.0
       D:14 |    7981 |    1141 |  12.5 |      15 |       3 |  16.7
       D:15 |   19303 |    4268 |  18.1 |      35 |       8 |  18.6
     Lair:1 |    4609 |       0 |   0.0 |      17 |       0 |   0.0
     Lair:2 |    4531 |    3242 |  41.7 |      18 |       9 |  33.3
     Lair:3 |    9004 |    1816 |  16.8 |      27 |       2 |   6.9
     Lair:4 |    1921 |       0 |   0.0 |       5 |       0 |   0.0
     Lair:5 |   20029 |    9651 |  32.5 |      60 |      42 |  41.2
    Swamp:1 |    8803 |    1757 |  16.6 |      24 |       1 |   4.0
    Swamp:2 |   12277 |       0 |   0.0 |      19 |       0 |   0.0
    Swamp:3 |   13030 |       0 |   0.0 |      21 |       0 |   0.0
    Swamp:4 |   14198 |   11905 |  45.6 |      19 |      37 |  66.1
    Snake:1 |   12665 |    1191 |   8.6 |      26 |       1 |   3.7
    Snake:2 |   18137 |       0 |   0.0 |      36 |       0 |   0.0
    Snake:3 |   24467 |     460 |   1.8 |      51 |       1 |   1.9
    Snake:4 |   20402 |   45105 |  68.9 |      40 |      62 |  60.8
      Orc:1 |    2024 |       0 |   0.0 |      32 |       0 |   0.0
      Orc:2 |    4524 |    5438 |  54.6 |      51 |      38 |  42.7
   Vaults:1 |   15037 |   21333 |  58.7 |      25 |      31 |  55.4
   Vaults:2 |   24354 |   33638 |  58.0 |      33 |      49 |  59.8
   Vaults:3 |   26884 |   12325 |  31.4 |      34 |      13 |  27.7
   Vaults:4 |   39437 |   33398 |  45.9 |      58 |      34 |  37.0
   Vaults:5 |    7143 |   24470 |  77.4 |       8 |      23 |  74.2
   Depths:1 |   29131 |   54592 |  65.2 |      41 |      54 |  56.8
   Depths:2 |   26417 |   25008 |  48.6 |      33 |      20 |  37.7
   Depths:3 |   30498 |    6933 |  18.5 |      34 |      11 |  24.4
   Depths:4 |   35642 |   18956 |  34.7 |      35 |      17 |  32.7
    Abyss:2 |    2458 |       0 |   0.0 |       6 |       0 |   0.0
 Desolation |       0 |   34398 | 100.0 |       0 |      72 | 100.0
            +---------+---------+-------+---------+---------+-------
